 Dungeon Crawl Stone Soup version 0.21-a0-504-g2eda330 (webtiles) character file.

759208 Lavandula the Demonologist (level 27, -14/222 HPs)
             Began as a Mummy Chaos Knight on Nov 24, 2017.
             Demolished by a large abomination (35 damage)
             ... summoned by Mnoleg
             ... in Pandemonium on Nov 26, 2017.
             The game lasted 10:40:36 (93686 turns).

Lavandula the Demonologist (Mummy Chaos Knight)    Turns: 93686, Time: 10:40:37

Health: -14/222    AC: 20    Str: 20      XL:     27
Magic:  5/42       EV: 12    Int: 16 (17) God:    Xom [..*...]
Gold:   3534       SH:  0    Dex: 14 (15) Spells: 2/56 levels left

rFire    + + .     SeeInvis +   a - +9 demon trident (pierce)
rCold    + + .     Gourm    .   l - +3 buckler
rNeg     + + +     Faith    .   L - +4 troll leather armour
rPois    ∞         Spirit   .   Y - +0 mask of the Dragon {MR+ Slay+3 SInv}
rElec    .         Reflect  .   W - +2 cloak {MR+}
rCorr    .         Harm     .   G - +2 pair of gloves "Onoideug" {rC+ Str+3 Dex+3 Stlth-}
MR       +++++                  y - +2 pair of boots {run}
Stlth    +++.......             k - amulet of regeneration
HPRegen  1.27/turn              u - ring of Vishrot {rPois rF+++ MR+++ Dex-5 Slay+3}
MPRegen  0.28/turn              h - ring of Phasing {EV+8}

@: petrifying, very slightly contaminated, constricted, very slow
A: no food or potions, fire vulnerability, cold resistance 1, negative energy
resistance 3, torment resistance, unbreathing, in touch with death 2
}: 6/15 runes: decaying, slimy, abyssal, glowing, magical, gossamer
a: Renounce Religion


You were in Pandemonium.
You worshipped Xom.
You were a toy of Xom.
You were not hungry.

You visited 12 branches of the dungeon, and saw 57 of its levels.
You visited Pandemonium 2 times, and saw 12 of its levels.
You visited the Abyss 51 times.
You visited 1 ziggurat, and saw 9 of its levels.
You also visited: Trove, Ossuary, Ice Cave and Desolation.

You collected 12156 gold pieces.
You spent 8622 gold pieces at shops.

Inventory:

Hand Weapons
 a - a +9 demon trident of piercing (weapon)
Missiles
 r - 12 poisoned javelins (quivered)
 S - 7 throwing nets
Armour
 l - a +3 buckler (worn)
 y - a +2 pair of boots of running (worn)
 G - the +2 pair of gloves "Onoideug" (worn) {rC+ Str+3 Dex+3 Stlth-}
   (You found it in a treasure trove)

   It affects your strength (+3).
   It affects your dexterity (+3).
   It protects you from cold.
   It makes you less stealthy.
 L - a +4 troll leather armour (worn)
 U - the -2 hat of the Alchemist {rElec rPois rF+ rC+ rN+ MR+ rMut rCorr}
   (You bought it in a shop on level 11 of the Dungeon)

   It protects you from fire.
   It protects you from cold.
   It insulates you from electricity.
   It protects you from poison.
   It protects you from negative energy.
   It affects your resistance to hostile enchantments.
   It protects you from acid and corrosion.
   It protects you from mutation.
 W - a +2 cloak of magic resistance (worn)
 Y - the +0 mask of the Dragon (worn) {MR+ Slay+3 SInv}
   (You bought it in a shop on level 13 of the Dungeon)

   It affects your accuracy and damage with ranged weapons and melee attacks
   (+3).
   It affects your resistance to hostile enchantments.
   It lets you see invisible.
Magical Staves
 n - an uncursed staff of energy
Jewellery
 e - an uncursed ring of see invisible
 h - the ring of Phasing (right hand) {EV+8}
   (You bought it in a shop on level 2 of the Depths)

   [ring of evasion]

   It affects your evasion (+8).
 k - an amulet of regeneration (around neck)
 u - the ring of Vishrot (left hand) {rPois rF+++ MR+++ Dex-5 Slay+3}
   (Xom gifted it to you on level 1 of the Pits of Slime)

   [ring of slaying]

   It affects your dexterity (-5).
   It affects your accuracy and damage with ranged weapons and melee attacks
   (+3).
   It renders you almost immune to fire.
   It protects you from poison.
   It affects your resistance to hostile enchantments.
 z - an uncursed ring of wizardry
Wands
 b - a wand of enslavement (66)
 g - a wand of scattershot (8)
 i - a wand of polymorph (23)
 j - a wand of iceblast (125)
 m - a wand of disintegration (48)
 s - a wand of paralysis (56)
 F - a wand of flame (202)
 H - a wand of digging (23)
 I - a wand of clouds (1)
 N - a wand of acid (120)
Scrolls
 c - a scroll of enchant armour
 d - 47 scrolls of remove curse
 f - 3 scrolls of teleportation
 o - 8 scrolls of blinking
 p - 12 scrolls of fog
 t - 9 scrolls of fear
 v - a scroll of summoning
 w - 12 scrolls of magic mapping
 x - 35 scrolls of identify
 E - 4 scrolls of immolation
 M - 6 scrolls of holy word
 O - 2 scrolls of torment
Books
 J - the Guide on the Enthralling Entourage
   (You acquired it on level 1 of the Depths)

   Spells                             Type                      Level
   a - Tukima's Dance                 Hexes                        3
   b - Spectral Weapon                Hexes/Charms                 3
   c - Call Canine Familiar           Summoning                    3
   d - Spellforged Servitor           Conjuration/Summoning        7
   e - Malign Gateway                 Summoning/Translocation      7
   f - Dragon's Call                  Summoning                    9
Miscellaneous
 q - a box of beasts
 B - a lamp of fire (inert)
 D - a fan of gales
 K - a phantom mirror
 P - a lightning rod (4/4)
 Q - 3 sacks of spiders
 R - a phial of floods


   Skills:
 - Level 19.2 Fighting
   Level 9.5 Short Blades
 - Level 16.6 Polearms
 - Level 3.0 Throwing
 - Level 9.8 Armour
 - Level 14.4 Dodging
 - Level 8.0 Stealth
 - Level 5.7 Shields
 - Level 15.0 Spellcasting
 - Level 11.2 Conjurations
   Level 5.4 Hexes
 - Level 3.1 Charms
 - Level 21.0 Summonings
 - Level 12.2 Necromancy
 + Level 9.8 Translocations
 - Level 4.0 Transmutations
   Level 3.7 Fire Magic
 - Level 3.5 Ice Magic
 - Level 8.4 Air Magic
 - Level 5.3 Earth Magic
 - Level 8.2 Evocations


You had 2 spell levels left.
You knew the following spells:

 Your Spells              Type           Power        Failure   Level  Hunger
a - Iron Shot             Conj/Erth      #####.....   30%         6    N/A
b - Swiftness             Chrm/Air       ####....     1%          2    N/A
c - Malign Gateway        Summ/Tloc      ######....   9%          7    N/A
d - Spellforged Servitor  Conj/Summ      ######....   6%          7    N/A
e - Blink                 Tloc           N/A          1%          2    N/A
f - Shroud of Golubria    Chrm/Tloc      ####......   1%          2    N/A
g - Apportation           Tloc           #####.       1%          1    N/A
h - Passage of Golubria   Tloc           N/A          1%          4    N/A
j - Control Undead        Necr           #######...   1%          4    N/A
k - Irradiate             Conj/Tmut      #####.....   7%          5    N/A
l - Shadow Creatures      Summ           N/A          1%          6    N/A
m - Ozocubu's Armour      Chrm/Ice       ###.....     4%          3    N/A
n - Summon Butterflies    Summ           ######..     0%          1    N/A
o - Summon Lightning Spi  Summ/Air       ######..     1%          4    N/A

Dungeon Overview and Level Annotations

Branches:
Dungeon (15/15)            Temple (0/1) D:7            Lair (6/6) D:10
  Swamp (4/4) Lair:4       Spider (4/4) Lair:2        Slime (5/5) Lair:6
    Orc (2/2) D:11            Elf (3/3) Orc:2        Vaults (4/5) D:14
  Crypt (3/3) Vaults:2       Tomb (1/3) Crypt:3      Depths (5/5) D:15
    Zot (5/5) Depths:5

Altars:
Ashenzari
Elyvilon
Kikubaaqudgha
Nemelex Xobeh
Okawaru
Ru
Sif Muna
Wu Jian
Xom
Yredelemnul
Beogh
Jiyva

Shops:
D:4 [   D:7 [   D:10 (   D:11 :[   D:12 *   D:13 *   Orc:2 }[((   Elf:2 }
Vaults:3 =   Vaults:4 (   Depths:2 =

Portals:
Hell: Depths:1 Depths:2 Depths:3 Depths:4 Depths:5
Abyss: Depths:1 Depths:4
Pandemonium: Depths:3

Annotations:
D:7 exclusions: adder and door, tidbits's ghost, novice GnMo
D:8 steam dragon!
D:11 Psyche
Lair:3 theanonym's ghost, journeyman MiCK
Elf:1 exclusion: 2 doors
Vaults:3 exclusion: door
Pan exclusion: eldritch tentacle segment, Mnoleg


Innate Abilities, Weirdness & Mutations

You do not eat or drink.
Your flesh is vulnerable to fire.
You are immune to poison.
Your flesh is cold resistant. (rC+)
You are immune to negative energy. (rN+++)
You are immune to unholy pain and torment.
You can survive without breathing.
You are strongly in touch with the powers of death.


Message History

The tentacled monstrosity tentacle-slaps you.
* * * LOW HITPOINT WARNING * * *
The tentacled monstrosity tentacle-slaps you but does no damage.
The tentacled monstrosity constricts you.
You can move again.
A sun demon comes into view.
Unknown command.
Press: ? - help, v - describe, . - travel
Here: Mnoleg (severely wounded)
The floor.
Placed new exclusion.
Reduced exclusion size to a single square.
Removed exclusion.
Blink to where?
Press: ? - help, Dir - move target cursor The tentacled monstrosity's grasp on you weakens, but your attempt to escape fails.
As you read the scroll of blinking, it crumbles to dust.
The large abomination hits you!!!
You die...
Xom chortles!

**********,,,* *,,,***,,,,,
*,,,,,,,,....# *..,,,,,,,,,
*,,,,,,,,....###..,,,,,,,,,
*,,,,,,,,.........,,,,,,,,,
*********#..∩.....,***,,,,,
#......,,,* *,,,,,
#.*..#*,,,* *,,,,, ##w..#
*,,,* *,,,** ##.@..# *,,,*
*,,,* ##..XX.# *,,,* *,,,*
#.&)X§§# *,,,* *,,,*
#....§§§# *,,,* *,,,*
##.XX.#§§§##*,,,* *,,,*
##.#.X##.§..#*,,,* *,,,*
##.##3# #3.§#.*,,,* *,,,*
#.##4. #2..##.,,,* *,,,*
##X.# # #...# *,,,* *,,,*


You could see Mnoleg, 2 tentacled monstrosities, an eldritch tentacle, a balrug,
2 sun demons, an orange demon and 4 large abominations.

Vanquished Creatures
  Dissolution (Slime:1)
  the Royal Jelly (Slime:5)
  Khufu (Crypt:3)
  Mara (Elf:3)
  An orb of fire (Zot:3)
  2 ancient liches
  A shard shrike (Crypt:3)
  2 curse toes
  A Killer Klown (Zot:4)
  4 golden dragons
  3 profane servitors
  Jory (Depths:5)
  2 bone dragons
  Arachne (Spider:2)
  10 tentacled monstrosities
  Jorgrun (Crypt:3)
  6 liches
  5 quicksilver dragons
  3 deep elf blademasters
  15 acid blobs
  2 Executioners
  2 deep elf master archers (Elf:3)
  2 sphinxes
  25 tentacled starspawn
  An ancient champion (Crypt:1)
  6 death cobs
  6 shadow dragons
  10 storm dragons
  A thorn hunter (Swamp:4)
  3 tengu reavers
  8 azure jellies
  3 revenants
  Donald (Spider:3)
  3 draconian monks
  2 fire giants
  2 warmongers (Pan)
  7 frost giants
  2 draconian scorchers
  10 deep elf sorcerers
  4 draconian knights
  8 ghost moths
  21 cacodemons
  4 balrugs
  4 emperor scorpions
  3 curse skulls
  An iron dragon (Depths:5)
  6 draconian annihilators
  5 draconian shifters
  An imperial myrmidon (Desolation)
  9 vault wardens
  6 draconian stormcallers
  3 deep elf elementalists
  9 ironheart preservers
  10 stone giants
  3 corrupters (Pan)
  A blood saint (Pan)
  5 vampire knights
  17 very ugly things
  3 reapers
  2 entropy weavers
  6 black draconians
  4 red draconians
  11 white draconians
  A lorocyproca (Abyss:1)
  A dire elephant (D:15)
  6 deep elf annihilators
  10 purple draconians
  7 deep elf demonologists
  7 yellow draconians
  5 green draconians
  Snorg (Lair:3)
  3 eidola
  9 spark wasps
  7 ettins
  2 quicksilver dragon zombies
  3 death oozes (Slime:5)
  9 deep elf death magi
  2 fire dragons
  2 mummy priests (Crypt:3)
  7 rakshasas
  4 green deaths
  18 jiangshi
  15 great orbs of eyes
  Fannar (Lair:1)
  2 blizzard demons (Pan)
  A servant of whispers (Desolation)
  2 crystal guardians
  A deep elf high priest (Elf:2)
  Harold (Lair:2)
  12 yaktaur captains
  5 ogre magi
  5 ice dragons
  A ragged hierophant (Desolation)
  An ice dragon (shapeshifter) (Abyss:3)
  23 hydras
  2 monstrous demonspawn (Pan)
  2 spriggan air magi
  A ghost crab (Swamp:3)
  12 vault guards
  3 peacekeepers
  An alligator snapping turtle (shapeshifter) (Zig:4)
  14 centaur warriors
  A queen ant (Depths:1)
  3 death yaks
  15 two-headed ogres
  30 dancing weapons
  11 alligators
  6 death knights
  9 death scarabs
  5 deep troll shamans
  2 hell hogs (Abyss:1)
  A satyr (Lair:2)
  3 tengu warriors
  2 vampire magi (Crypt:2)
  3 spriggan berserkers
  8 deep troll earth magi
  2 orc high priests (Orc:2)
  Urug (D:11)
  A shock serpent (shapeshifter) (Elf:1)
  27 thrashing horrors
  A titan zombie (Abyss:1)
  14 wretched stars
  8 shadow wraiths
  6 soul eaters
  23 deep elf knights
  5 sun demons
  2 iron trolls
  8 spatial maelstroms
  11 sixfirhies
  Nergalle (Lair:1)
  17 unseen horrors
  21 hell knights
  A quicksilver dragon simulacrum (Depths:4)
  A storm dragon skeleton (Abyss:1)
  7 glowing orange brains
  2 infernal demonspawn (Pan)
  2 torturous demonspawn (Pan)
  3 spriggan druids
  3 anaconda zombies
  A shadow demon (Pan)
  A sea snake (Swamp:3)
  19 skeletal warriors
  3 flayed ghosts
  A golden dragon zombie (Abyss:2)
  2 shambling mangroves
  A swamp dragon (shapeshifter) (Depths:5)
  19 deep elf archers
  A shadow dragon zombie (Depths:3)
  21 deep trolls
  10 swamp dragons
  A tengu zombie (Depths:4)
  2 obsidian statues
  2 gelid demonspawn (Pan)
  A harpy (shapeshifter) (Vaults:2)
  A golden dragon skeleton (Crypt:1)
  4 harpies (Vaults:2)
  12 necromancers
  3 phantasmal warriors
  A wizard (Vaults:1)
  17 orc knights
  16 orb spiders
  14 ironbrand convokers
  An orb spider (shapeshifter) (D:13)
  30 wolf spiders
  A mana viper (Lair:1)
  11 orc sorcerers
  4 oklob plants (Lair:2)
  A cyclops (shapeshifter) (Depths:5)
  28 ugly things
  2 fire giant zombies
  67 deep elf magi
  5 shining eyes
  A spectral ice dragon (Crypt:3)
  A frost giant zombie (Vaults:4)
  A stone giant zombie (Crypt:1)
  2 manticores
  10 worldbinders
  A salamander (D:15)
  8 cyclopes
  2 fauns (shapeshifter)
  12 elephants
  An iron dragon zombie (Crypt:3)
  66 large abominations
  A guardian serpent (shapeshifter) (Abyss:3)
  14 moths of wrath
  A torpor snail (shapeshifter) (Zig:4)
  A stone giant skeleton (Abyss:1)
  10 rust devils
  A frost giant skeleton (Vaults:4)
  The ghost of tidbits the Shield-Bearer, a novice GnFi (D:6)
  4 apocalypse crabs
  6 centaur skeletons
  A gargoyle (D:10)
  2 titan simulacra
  10 vault sentinels
  2 ice statues
  4 black mambas
  32 spiny frogs
  A dire elephant skeleton (Abyss:1)
  25 smoke demons
  4 guardian serpents
  3 torpor snails
  3 hellions
  A yaktaur zombie (Zig:3)
  29 orange demons
  A spiny frog (shapeshifter) (Vaults:2)
  A spriggan zombie (Depths:3)
  4 eyes of devastation
  A rime drake (Lair:4)
  34 yaktaurs
  17 demonic crawlers
  8 efreet
  7 komodo dragons
  A yaktaur (shapeshifter) (Depths:4)
  9 guardian mummies
  21 freezing wraiths
  9 red devils
  5 tormentors
  13 hellwings
  24 ancient zymes
  4 ice devils
  A spark wasp simulacrum (Depths:3)
  35 jumping spiders
  10 tyrant leeches
  A merfolk (shapeshifter) (Zig:4)
  A tengu simulacrum (Vaults:3)
  3 polar bears
  A troll (shapeshifter) (Depths:1)
  12 hornets
  A death drake skeleton (Crypt:2)
  11 trolls
  A wind drake (Elf:2)
  2 jumping spiders (shapeshifter) (Vaults:2)
  8 bog bodies
  12 saltlings
  26 blink frogs
  A harpy skeleton (Abyss:1)
  21 raiju
  2 raiju (shapeshifter)
  92 slime creatures
  A blink frog (shapeshifter) (Vaults:1)
  8 hippogriffs
  A stone giant simulacrum (Abyss:1)
  2 ettin zombies (Depths:2)
  An ice dragon skeleton (Abyss:1)
  62 redbacks
  58 flying skulls
  3 centaur simulacra
  24 ynoxinuls
  A dire elephant simulacrum (Abyss:3)
  8 air elementals
  13 shadows
  25 tarantellas
  2 water elementals (Depths:1)
  36 yaks
  2 humans
  8 spriggans
  14 wraiths
  3 fire elementals
  3 fire bats (Abyss:1)
  A vampire (D:14)
  3 golden eyes (Pan)
  5 wyverns
  2 ushabtiu (Tomb:1)
  A wyvern (shapeshifter) (D:14)
  A basilisk (Lair:1)
  4 hogs (D:10)
  3 human simulacra
  2 golden eyes (shapeshifter)
  16 chaos spawn
  22 neqoxecs
  26 vampire mosquitoes
  6 wargs
  A death yak simulacrum (IceCv)
  12 spatial vortices
  17 swamp worms
  3 soldier ants
  12 insubstantial wisps
  2 harpy simulacra
  An acid dragon (Vaults:2)
  An orb spider zombie (Crypt:2)
  3 hell hounds (Abyss:1)
  10 water moccasins
  A gelid demonspawn skeleton (Crypt:1)
  6 porcupines
  4 floating eyes (Pan)
  A meliai simulacrum (D:14)
  8 swamp drakes
  A black bear (shapeshifter) (Depths:3)
  2 hornet zombies
  A monstrous demonspawn skeleton (Crypt:1)
  A water nymph skeleton (Crypt:1)
  4 black bears
  9 ice beasts
  67 starcursed masses
  40 orc warriors
  11 eyes of draining
  8 sky beasts
  A tengu (shapeshifter) (Depths:5)
  2 wolves (D:10)
  6 boggarts
  4 necrophages
  13 ogres
  16 centaurs
  A snapping turtle skeleton (Abyss:1)
  11 crocodiles
  A crocodile (shapeshifter) (Abyss:3)
  2 manticore skeletons
  2 big kobolds
  An octopode zombie (Crypt:2)
  26 bullfrogs
  2 earth elementals (Elf:3)
  A gnoll sergeant (D:8)
  A wyvern zombie (D:13)
  A glowing shapeshifter simulacrum (Depths:4)
  A water moccasin zombie (D:12)
  13 scorpions
  A warg zombie (Crypt:1)
  2 wyvern skeletons
  A snapping turtle simulacrum (Abyss:1)
  31 wights
  2 howler monkeys (D:10)
  5 electric eels
  7 crimson imps
  A black bear zombie (Crypt:2)
  2 bullfrog zombies
  9 quasits
  3 draconian simulacra (IceCv)
  4 human zombies
  5 centaur zombies
  10 hounds
  10 jellies
  68 small abominations
  22 orc priests
  11 iron imps
  15 orc wizards
  2 bullfrog skeletons
  A human skeleton (Abyss:1)
  An iguana (D:4)
  2 spriggan simulacra (IceCv)
  6 troll simulacra (IceCv)
  10 worker ants
  3 polar bear simulacra (IceCv)
  3 big kobold zombies (Ossuary)
  A felid zombie (Crypt:1)
  A hound zombie (D:5)
  7 mummies
  A worker ant zombie (D:6)
  Robin (D:4)
  17 gnolls
  14 adders
  7 naga simulacra (IceCv)
  6 scorpion zombies (Ossuary)
  7 shadow imps
  25 white imps
  7 ufetubi
  2 oozes
  2 adder skeletons (D:4)
  A worm (D:3)
  8 leopard geckos
  112 orcs
  7 bats
  9 giant cockroaches
  2 gnoll zombies (Ossuary)
  19 goblins
  6 hobgoblins
  6 jackals
  A kobold (shapeshifter) (Depths:5)
  4 quokkas
  2 ball pythons
  4 frilled lizards
  A goblin zombie (Crypt:2)
  2 hobgoblin zombies (Ossuary)
  19 kobolds
  A kobold skeleton (Crypt:1)
  2 kobold zombies (Ossuary)
  A leopard gecko skeleton (D:4)
  3 orc skeletons (D:7)
  3 orc zombies (Ossuary)
  A quokka skeleton (D:9)
  6 rats
  A bush (Abyss:2)
  A fungus (Lair:2)
  5 lurking horrors
  3 plants
  20 starspawn tentacles
3026 creatures vanquished.

Vanquished Creatures (collateral kills)
  Lom Lobon (Pan)
  Mennas (Crypt:3)
  A curse toe (Zot:5)
  3 golden dragons
  5 tentacled monstrosities
  An Orb Guardian (Zot:5)
  6 liches
  2 titans (Depths:3)
  An eldritch tentacle (Pan)
  5 death cobs
  An ancient champion (Crypt:3)
  An acid blob (Slime:5)
  4 tengu reavers
  A tentacled starspawn (Zig:7)
  2 shadow dragons
  A thorn hunter (Swamp:4)
  2 storm dragons
  A balrug (Depths:5)
  A draconian knight (Zot:1)
  An emperor scorpion (Spider:4)
  Louise (Swamp:1)
  An iron dragon (Depths:2)
  A black sun (Zig:6)
  5 fire giants
  5 frost giants
  3 draconian scorchers (Zot:4)
  2 vault wardens
  A draconian stormcaller (Depths:5)
  5 ironheart preservers
  2 cacodemons (Pan)
  A spriggan defender (Depths:4)
  8 very ugly things
  A blood saint (Pan)
  7 draconian annihilators
  4 stone giants
  A ghoul (Crypt:3)
  2 deep elf annihilators
  A deep elf demonologist (Vaults:3)
  A corrupter (Pan)
  5 black draconians
  An entropy weaver (Vaults:2)
  7 yellow draconians
  4 green draconians
  5 purple draconians
  8 white draconians
  A green death (Pan)
  4 deep elf death magi
  An ettin (Depths:3)
  An eidolon (Crypt:1)
  3 blizzard demons
  2 fire dragons
  A yaktaur captain (Depths:3)
  4 jiangshi
  2 great orbs of eyes
  3 ice dragons
  A ragged hierophant (Desolation)
  2 vault guards (Vaults:1)
  A servant of whispers (Desolation)
  A spriggan air mage (Depths:3)
  7 rakshasas
  2 hydras
  A hell beast (Pan)
  A centaur warrior (D:15)
  10 two-headed ogres
  A death knight (Crypt:3)
  2 deep troll shamans
  2 tengu warriors
  2 death scarabs (Tomb:1)
  An alligator (Swamp:1)
  A deep troll earth mage (Depths:3)
  A hell hog (Abyss:1)
  A vampire mage (Depths:1)
  An orc high priest (Orc:2)
  A spriggan berserker (Depths:3)
  A soul eater (Pan)
  3 sun demons
  A sixfirhy (Pan)
  7 hell knights
  A shadow wraith (Crypt:3)
  2 skeletal warriors
  An iron troll (Depths:3)
  2 glowing orange brains (Pan)
  A gelid demonspawn (Pan)
  A swamp dragon (Swamp:4)
  2 wizards
  2 flayed ghosts (Crypt:3)
  12 deep trolls
  2 ironbrand convokers (Desolation)
  4 necromancers
  A deep elf archer (Vaults:3)
  2 ugly things
  6 orb spiders
  3 orc knights
  A fire giant zombie (Crypt:1)
  A harpy (Vaults:2)
  6 wolf spiders
  A worldbinder (Abyss:1)
  A cyclops (Vaults:1)
  A stone giant zombie (Crypt:1)
  A centaur zombie (D:14)
  A rust devil (Depths:5)
  3 moths of wrath (Zot:5)
  An apocalypse crab (Abyss:1)
  A vault sentinel (Vaults:1)
  5 smoke demons (Pan)
  An eye of devastation (Depths:3)
  2 orange demons (Pan)
  A spiny frog (Swamp:1)
  2 freezing wraiths
  An ice devil (Depths:5)
  3 hellwings (Pan)
  A tormentor (Depths:3)
  10 yaktaurs
  2 demonic crawlers (Spider:4)
  An efreet (Pan)
  2 ancient zymes (Zig:7)
  5 red devils
  A troll (Vaults:3)
  A hydra skeleton (Crypt:1)
  3 jumping spiders (Spider:4)
  12 slime creatures
  2 hornets
  A hornet (shapeshifter) (Vaults:3)
  A harpy skeleton (Crypt:1)
  A hippogriff (D:10)
  A guardian serpent zombie (Crypt:1)
  4 saltlings (Desolation)
  A bog body (Swamp:1)
  4 flying skulls (Crypt:3)
  9 redbacks
  A shadow (Abyss:1)
  2 ynoxinuls (Pan)
  2 tarantellas (Spider:4)
  A yak (Lair:2)
  A golden eye (Slime:5)
  A chaos spawn (Depths:1)
  A vampire mosquito (Swamp:2)
  2 swamp worms
  A warg (Vaults:2)
  A hell hound (Depths:5)
  A spiny frog zombie (Crypt:1)
  A swamp drake (Swamp:4)
  6 orc warriors
  2 large abominations
  An eye of draining (Zig:7)
  2 necrophages (Crypt:3)
  5 centaurs
  5 ogres
  An earth elemental (Abyss:1)
  2 small abominations (Abyss:1)
  An orc priest (Vaults:3)
  An iron imp (Abyss:1)
  A lightning spire (Zig:8)
  A mummy (Tomb:1)
  A shadow imp (Abyss:1)
  2 ball lightnings (Pan)
  6 orcs
  A fungus (D:15)
  A plant (Depths:1)
387 creatures vanquished.

Vanquished Creatures (others)
  A tentacled monstrosity (Pan)
  18 eldritch tentacles (Pan)
  A fire giant (Depths:4)
  A deep elf elementalist (Elf:3)
  A very ugly thing (Depths:5)
  A juggernaut skeleton (Depths:4)
  A monstrous demonspawn (Pan)
  2 ragged hierophants (Desolation)
  A death knight (Vaults:1)
  A spriggan air mage (Depths:4)
  6 dancing weapons
  A skeletal warrior (Crypt:3)
  2 quicksilver dragon simulacra (Depths:5)
  2 spatial maelstroms (Depths:1)
  A lindwurm (Lair:2)
  2 orc knights (Orc:2)
  An ironbrand convoker (Desolation)
  A necromancer (Depths:4)
  A deep elf mage (Elf:1)
  A rust devil (Depths:5)
  A spiny frog (Lair:1)
  A komodo dragon (Lair:6)
  A saltling (Desolation)
  A hippogriff (Lair:2)
  A large abomination (Pan)
  A slime creature (Lair:5)
  2 redbacks
  An air elemental (Elf:1)
  2 yaks
  A neqoxec (Abyss:1)
  A swamp worm (Swamp:1)
  A swamp drake (Swamp:4)
  A boggart (Depths:2)
  A centaur (Vaults:3)
  A bullfrog (Lair:6)
  2 orc priests (Orc:2)
  6 orc wizards
  A mummy (Ossuary)
  An ufetubus (Abyss:1)
  20 ball lightnings (Pan)
  5 orcs
  A bush (Abyss:2)
  A fire vortex (Lair:2)
  13 fungi
  A lurking horror (Abyss:1)
  114 plants
  76 starspawn tentacles
  10 toadstools (Lair:2)
314 creatures vanquished.

Grand Total: 3727 creatures vanquished

Notes
Turn   | Place    | Note
-------+----------+-------------------------------------------
     0 | D:1      | Lavandula the Mummy Chaos Knight began the quest for the Orb.
     0 | D:1      | Reached XP level 1. HP: 18/18 MP: 1/1
   118 | D:1      | XOM: divination: detect creatures
   174 | D:1      | Reached XP level 2. HP: 23/24 MP: 2/2
   604 | D:2      | Reached XP level 3. HP: 29/29 MP: 3/3
   888 | D:2      | XOM: mild Hex miscast
  1220 | D:3      | XOM: harmless Tloc miscast
  1278 | D:3      | Reached XP level 4. HP: 34/35 MP: 4/4
  1541 | D:3      | XOM: cloud trail
  1769 | D:3      | XOM: cloud trail
  1910 | D:4      | XOM: divination: detect creatures
  1918 | D:4      | Reached XP level 5. HP: 39/41 MP: 5/5
  1927 | D:4      | Noticed a crocodile
  1935 | D:4      | XOM: confuse monster(s)
  1945 | D:4      | XOM: confuse monster(s)
  2120 | D:2      | XOM: noise
  2135 | D:2      | XOM: harmless Conj miscast
  2273 | D:3      | XOM is BORED!
  2273 | D:3      | XOM: noise
  2337 | D:4      | Reached skill level 5 in Short Blades
  2454 | D:4      | XOM: harmless Chrm miscast
  2613 | D:4      | Found Dobuob's Armour Shoppe.
  2678 | D:4      | Reached XP level 6. HP: 44/47 MP: 6/6
  2926 | D:4      | XOM: harmless Conj miscast
  2988 | D:4      | Noticed Robin
  3055 | D:4      | XOM: potion effect (invisibility)
  3064 | D:4      | Killed Robin
  3312 | D:4      | XOM: harmless Summ miscast
  3319 | D:5      | Entered Level 5 of the Dungeon
  3331 | D:5      | Noticed a sky beast
  3331 | D:5      | XOM: potion effect (agility)
  3341 | D:5      | Killed a sky beast
  3366 | D:5      | XOM: potion effect (agility)
  3367 | D:5      | XOM: fake destruction
  3575 | D:5      | Noticed a sky beast
  3592 | D:5      | Killed a sky beast
  3592 | D:5      | Reached XP level 7. HP: 52/52 MP: 7/7
  3667 | D:5      | XOM: cast spell 'Summon Horrible Things'
  3685 | D:5      | You fall through a shaft for 3 floors!
  3830 | D:8      | Reached skill level 1 in Dodging
  3876 | D:7      | Found a sparkling altar of Nemelex Xobeh.
  3912 | D:7      | Identified a scroll of acquirement
  3926 | D:7      | Found an iron altar of Okawaru.
  3971 | D:7      | XOM: divination: detect items
  4083 | D:7      | Found Yfotadd's Antique Armour Shoppe.
  4102 | D:7      | XOM: summons friendly iron imp
  4117 | D:7      | XOM: scenery: create altars
  4247 | D:7      | Found a sand-covered staircase.
  4256 | Ossuary  | Entered an ossuary
  4320 | Ossuary  | Reached XP level 8. HP: 53/58 MP: 8/8
  4320 | Ossuary  | XOM: scenery: 1 doors open, 2 doors close
  4407 | Ossuary  | XOM: god gift: scroll of fear
  4419 | Ossuary  | XOM: god gift: scroll of enchant armour
  4443 | Ossuary  | XOM: swap monsters
  4448 | Ossuary  | XOM: medium Pois miscast
  4510 | Ossuary  | XOM: harmless Tloc miscast
  4715 | Ossuary  | XOM: confuse monster(s)
  4771 | Ossuary  | XOM: cast spell 'Olgreb's Toxic Radiance'
  4913 | Ossuary  | XOM: butterfly on damage
  4987 | Ossuary  | XOM: severe Tmut miscast
  5029 | Ossuary  | XOM: cloud trail
  5107 | Ossuary  | XOM: harmless Tloc miscast
  5141 | Ossuary  | XOM: noise
  5305 | D:7      | XOM: summons friendly crimson imp
  5323 | D:7      | XOM: fog
  5354 | D:7      | Reached XP level 9. HP: 49/65 MP: 9/9
  5363 | D:7      | XOM: enchant monster (bad)
  5453 | D:7      | Found a staircase to the Ecumenical Temple.
  5529 | D:7      | XOM: mild Fire miscast
  5640 | D:7      | XOM: noise
  5753 | D:7      | Noticed tidbits's ghost (novice GnMo)
  5756 | D:7      | XOM: swap monsters
  5757 | D:7      | XOM: cleaving
  5762 | D:7      | XOM: harmless Tloc miscast
  5768 | D:7      | Got a warped spear
  5772 | D:7      | Identified the +10 spear of Contention {drain, Str-3 Dex+6} (You found it on level 7 of the Dungeon)
  5793 | D:7      | XOM: 11-stop teleportation journey
  5849 | D:7      | XOM: swap monsters
  5879 | D:8      | Reached skill level 1 in Polearms
  5945 | D:8      | XOM: harmless Chrm miscast
  5991 | D:8      | XOM: enchant monster (bad)
  6094 | D:8      | Got a brightly glowing spear
  6095 | D:8      | Identified the +10 spear "Bemuh" {speed, +Blink rPois} (You found it on level 8 of the Dungeon)
  6141 | D:8      | XOM: confuse monster(s)
  6339 | D:9      | XOM: scenery: create altars
  6414 | D:8      | XOM: scenery: 1 doors close
  6471 | D:8      | XOM: harmless Tloc miscast
  6479 | D:8      | XOM: harmless Necr miscast
  6511 | D:8      | XOM: mild Necr miscast
  6731 | D:9      | Learned a level 1 spell: Animate Skeleton
  6741 | D:9      | XOM: 4-stop teleportation journey
  6799 | D:9      | Reached skill level 5 in Polearms
  6876 | D:7      | Bought a faintly glowing ring mail for 288 gold pieces
  6886 | D:7      | Identified the +3 ring mail "Lupiwn" {-Tele Int+6} (You bought it in a shop on level 7 of the Dungeon)
  7116 | D:6      | XOM: harmless Air miscast
  7171 | D:6      | Noticed tidbits's ghost (novice GnFi)
  7171 | D:6      | XOM: cleaving
  7283 | D:6      | XOM: noise
  7298 | D:6      | XOM: medium Conj miscast
  7301 | D:6      | XOM: 2-stop teleportation journey
  7619 | D:5      | XOM: 2-stop teleportation journey
  7717 | D:5      | XOM: god gift: robe {god gift}
  7872 | D:5      | XOM: scenery: create altars
  8014 | D:5      | XOM: god gift: 52 gold pieces
  8625 | D:7      | XOM: divination: detect items
  8783 | D:9      | XOM: harmless Conj miscast
  8814 | D:9      | XOM: blink monster(s)
  8822 | D:9      | Reached XP level 10. HP: 72/72 MP: 10/10
  8838 | D:9      | XOM: medium Ice miscast
  8851 | D:9      | XOM: mild Conj miscast
  8977 | D:9      | XOM: smoke on damage
  9342 | D:9      | XOM: god gift: wand of clouds (4)
  9370 | D:9      | XOM: god gift: meat ration
  9614 | D:10     | Entered Level 10 of the Dungeon
  9622 | D:10     | XOM: cast spell 'Chain of Chaos'
  9701 | D:10     | Noticed a two-headed ogre
  9711 | D:10     | XOM: cast spell 'Monstrous Menagerie'
  9714 | D:10     | Killed a two-headed ogre
  9770 | D:10     | Noticed a two-headed ogre
  9771 | D:10     | XOM: potion effect (brilliance)
  9871 | D:6      | XOM: divination: detect items
  9880 | D:6      | XOM is BORED!
  9880 | D:6      | XOM: noise
  9929 | D:4      | Bought a +0 troll leather armour for 195 gold pieces
 10003 | D:5      | XOM is BORED!
 10003 | D:5      | XOM: medium Pois miscast
 10297 | D:6      | Killed tidbits's ghost
 10351 | D:6      | XOM: harmless Fire miscast
 10570 | D:10     | XOM: cast spell 'Call Canine Familiar'
 10579 | D:10     | XOM: silly message
 10594 | D:10     | Noticed a two-headed ogre
 10607 | D:10     | Killed a two-headed ogre
 10631 | D:10     | XOM: noise
 10686 | D:10     | XOM: divination: detect items
 10788 | D:10     | Found Zaaleh's Weapon Shoppe.
 10954 | D:10     | XOM: silly message
 10997 | D:10     | Reached XP level 11. HP: 77/77 MP: 11/11
 11015 | D:10     | XOM: potion effect (brilliance)
 11107 | D:10     | Found a staircase to the Lair.
 11137 | D:10     | Killed a two-headed ogre
 11137 | D:10     | Reached skill level 5 in Dodging
 11172 | D:11     | Found Yhupont's Antique Armour Shop.
 11184 | D:10     | Reached skill level 5 in Fighting
 11317 | D:11     | Learned a level 2 spell: Swiftness
 11340 | D:11     | Noticed a six-headed hydra
 11366 | D:10     | Killed an unseen horror
 11452 | D:11     | Found a roughly hewn altar of Beogh.
 11452 | D:11     | Found a staircase to the Orcish Mines.
 11455 | D:11     | Noticed an orc knight
 11465 | D:11     | XOM: destruction
 11478 | D:11     | Reached skill level 10 in Polearms
 11487 | D:11     | Noticed Urug
 11537 | Lair:1   | Entered Level 1 of the Lair of Beasts
 11552 | Lair:1   | Learned a level 3 spell: Conjure Flame
 11557 | Lair:1   | Learned a level 4 spell: Animate Dead
 11565 | Lair:1   | XOM is BORED!
 11585 | Lair:1   | Reached skill level 1 in Spellcasting
 11663 | Lair:1   | XOM: polymorph hippogriff -> polar bear
 11677 | Lair:1   | Reached skill level 1 in Fire Magic
 11714 | Lair:1   | Reached skill level 1 in Conjurations
 11714 | Lair:1   | XOM: divine lightning
 11724 | Lair:1   | Noticed Fannar
 11735 | Lair:1   | XOM: 4-stop teleportation journey
 11776 | Lair:1   | XOM: 1-stop teleportation journey
 11798 | Lair:1   | XOM: enchant monster (good)
 11820 | Lair:1   | Killed Fannar
 11952 | Lair:1   | Noticed Nergalle
 11959 | Lair:1   | XOM: potion effect (brilliance)
 11962 | Lair:1   | Killed Nergalle
 11982 | Lair:1   | Noticed Erica
 11984 | Lair:1   | Noticed Erica
 11984 | Lair:1   | Erica changed into Erica the mana viper
 11984 | Lair:1   | XOM: polymorph Erica -> Erica the mana viper
 11989 | Lair:1   | Killed Erica the mana viper
 12062 | Lair:2   | XOM: enchant monster (good)
 12127 | Lair:2   | XOM: enchant monster (good)
 12153 | Lair:2   | Reached XP level 12. HP: 82/89 MP: 17/17
 12155 | Lair:2   | XOM: scenery: create altars
 12183 | Lair:2   | XOM: summons 2 friendly demons
 12189 | Lair:2   | XOM: polymorph iron imp -> quasit
 12206 | Lair:2   | XOM: divine lightning
 12214 | Lair:2   | XOM: god gift: thick robe {god gift}
 12218 | Lair:2   | Got a thick robe {god gift}
 12219 | Lair:2   | Identified the +2 robe "Kowunab" {Str+2 SInv} (Xom gifted it to you on level 2 of the Lair of Beasts)
 12222 | Lair:2   | XOM: god gift: 33 gold pieces
 12266 | Lair:2   | Noticed an eight-headed hydra
 12274 | Lair:2   | XOM: potion effect (brilliance)
 12276 | Lair:2   | XOM: summons friendly quasit
 12278 | Lair:2   | Noticed a six-headed hydra
 12326 | Lair:2   | Noticed a satyr
 12326 | Lair:2   | an eight-headed hydra changed into a satyr
 12326 | Lair:2   | XOM: polymorph eight-headed hydra -> satyr
 12337 | Lair:2   | Killed a satyr
 12348 | Lair:2   | XOM: divination: detect creatures
 12351 | Lair:2   | Killed a six-headed hydra
 12459 | Lair:2   | XOM: 7-stop teleportation journey
 12481 | Lair:2   | Found a hole to the Spider Nest.
 12557 | Lair:2   | XOM: cleaving
 12583 | Lair:2   | Noticed a seven-headed hydra
 12595 | Lair:2   | XOM: scenery: create altars
 12596 | Lair:2   | Killed a seven-headed hydra
 12681 | Lair:2   | Found an ornate altar of the Wu Jian Council.
 12690 | Lair:2   | XOM: snakes to sticks
 12710 | Lair:2   | Noticed Harold
 12759 | Lair:2   | Noticed a death yak
 12767 | Lair:2   | XOM: 7-stop teleportation journey
 12820 | Lair:3   | Got a pair of crude boots
 12831 | Lair:3   | Identified the +0 pair of boots of the Garden {-Cast Regen+ Str+4 Int+6} (You acquired it on level 3 of the Lair of Beasts)
 12861 | Lair:3   | Noticed theanonym's ghost (journeyman MiCK)
 12895 | Lair:3   | Noticed Snorg
 12909 | Lair:3   | Killed Snorg
 12961 | Lair:3   | XOM: scenery: create altars
 13014 | Lair:3   | XOM: cast spell 'Olgreb's Toxic Radiance'
 13038 | Lair:3   | XOM: cast spell 'Ring of Flames'
 13040 | Lair:3   | XOM: enchant monster (bad)
 13047 | Lair:3   | XOM: confusion
 13077 | Lair:3   | XOM: summons 4 hostile shadow creatures
 13079 | Lair:3   | XOM: confusion
 13138 | Lair:3   | XOM: noise
 13378 | Lair:4   | XOM: fake destruction
 13393 | Lair:4   | XOM: god gift: sapphire potion {god gift}
 13398 | Lair:4   | XOM: medium Necr miscast
 13427 | Lair:4   | XOM: fog
 13506 | Lair:4   | Found a staircase to the Swamp.
 13726 | Lair:4   | XOM: polymorph blink frog -> soldier ant
 13839 | Lair:4   | XOM: potion effect (brilliance)
 14023 | Lair:4   | XOM: mild Necr miscast
 14045 | Lair:5   | XOM: summons friendly shadow imp
 14195 | Lair:5   | Gained mutation: You are in touch with the powers of death. [Mummy growth]
 14195 | Lair:5   | Reached XP level 13. HP: 79/101 MP: 18/18
 14195 | Lair:5   | XOM: cleaving
 14374 | Lair:5   | XOM: cloud trail
 14765 | Lair:5   | Reached skill level 1 in Stealth
 14954 | Lair:5   | XOM: harmless Conj miscast
 14961 | Lair:6   | Entered Level 6 of the Lair of Beasts
 14961 | Lair:6   | Found a staircase to the Slime Pits.
 14962 | Lair:6   | XOM: confusion (+ monsters)
 14965 | Lair:6   | XOM: harmless Conj miscast
 14973 | Lair:5   | XOM: harmless Tloc miscast
 14979 | Lair:5   | Reached skill level 1 in Evocations
 15053 | Lair:6   | XOM: confusion (+ monsters)
 15056 | Lair:6   | XOM: summons friendly iron imp
 15108 | Lair:5   | XOM: divination: detect items
 15277 | Lair:6   | XOM: 4-stop teleportation journey
 15301 | Lair:6   | XOM: fog
 15323 | Lair:6   | XOM: smoke on damage
 15331 | Lair:6   | XOM: divine lightning
 15340 | Lair:6   | XOM: polymorph spiny frog -> warg
 15620 | Lair:6   | XOM: enchant monster (good)
 15670 | Lair:6   | XOM: noise
 15779 | Lair:6   | XOM: enchant monster (good)
 15786 | Lair:6   | XOM: summons friendly white imp
 15919 | Lair:6   | Reached skill level 5 in Armour
 15925 | Lair:6   | XOM: 1-stop teleportation journey
 16037 | Lair:6   | XOM: fog
 16104 | Lair:6   | XOM: destruction
 16232 | Lair:6   | XOM: god gift: 15 stones
 16240 | Lair:6   | Learned a level 2 spell: Blink
 16243 | Lair:6   | Learned a level 2 spell: Shroud of Golubria
 16510 | Lair:2   | Found a runed door.
 16561 | Lair:2   | Reached skill level 1 in Translocations
 16611 | Lair:2   | XOM: harmless Conj miscast
 16714 | Lair:2   | XOM: polymorph catoblepas -> slime creature
 16737 | Lair:2   | XOM: divination: magic mapping
 16741 | Lair:2   | XOM: harmless Hex miscast
 16763 | Lair:2   | Got an iridescent rapier
 16766 | Lair:2   | Identified the cursed +0 rapier of Infinite Pain {pierce, *Contam rPois rC+ Dex+4} (You found it on level 2 of the Lair of Beasts)
 16876 | Lair:2   | Killed Harold
 16876 | Lair:2   | Reached XP level 14. HP: 91/108 MP: 19/19
 16999 | Lair:2   | XOM: chaos cloud
 17014 | Lair:2   | XOM: medium Conj miscast
 17194 | Lair:2   | XOM: silly message
 17599 | D:11     | Killed Urug
 17671 | D:11     | XOM: severe Hex miscast
 17842 | D:11     | Found Cylikuorchy's Book Boutique.
 17877 | D:11     | XOM: confuse monster(s)
 17917 | D:11     | Noticed Psyche
 17958 | D:12     | XOM: stealth player
 17964 | D:12     | XOM: god gift: 37 gold pieces
 17965 | D:12     | XOM: divination: detect items
 18029 | D:12     | XOM: divination: detect creatures
 18031 | D:12     | Reached skill level 1 in Throwing
 18135 | D:11     | Bought a polished scarf for 310 gold pieces
 18135 | D:11     | Identified the scarf of Valiance {rF+ MR+ Slay-4 SInv} (You bought it in a shop on level 11 of the Dungeon)
 18266 | D:12     | XOM: potion effect (brilliance)
 18478 | D:12     | Found Ziegui's Changing Room.
 18891 | D:12     | XOM: scenery: 1 doors close
 19339 | D:13     | XOM: divination: detect creatures
 19455 | D:13     | Found Kodojuu's Assorted Antiques.
 19458 | D:13     | Bought a scroll labeled DYRICOAFFI for 30 gold pieces
 19557 | D:13     | XOM: harmless Ice miscast
 19860 | D:14     | XOM: enchant monster (good)
 19893 | D:14     | XOM: cast spell 'Summon Hydra'
 19955 | D:14     | XOM: confuse monster(s)
 20015 | D:14     | XOM: blink monster(s)
 20031 | D:14     | Reached skill level 1 in Charms
 20033 | D:14     | XOM: cleaving
 20058 | D:14     | XOM: summons 2 friendly demons
 20059 | D:14     | XOM: enchant monster (good)
 20062 | D:14     | XOM: enchant monster (good)
 20120 | D:14     | Reached skill level 1 in Necromancy
 20454 | D:14     | Found a gate to the Vaults.
 20709 | D:14     | Reached skill level 5 in Necromancy
 20827 | D:15     | Entered Level 15 of the Dungeon
 20848 | D:15     | XOM: enchant monster (good)
 20853 | D:15     | XOM: potion effect (invisibility)
 20897 | D:15     | Found a staircase to the Depths.
 20904 | D:15     | Reached XP level 15. HP: 113/113 MP: 20/20
 20914 | D:15     | Paralysed by a great orb of eyes for 5 turns
 21036 | Orc:1    | Entered Level 1 of the Orcish Mines
 21346 | Orc:1    | XOM: silly message
 21373 | Orc:2    | Entered Level 2 of the Orcish Mines
 21447 | Orc:2    | XOM: harmless Necr miscast
 21485 | Orc:2    | XOM: mild Chrm miscast
 21493 | Orc:2    | XOM: polymorph warg -> black bear
 21529 | Orc:2    | Found a frozen archway.
 21546 | Orc:2    | XOM: enchant monster (bad)
 21553 | Orc:2    | XOM: harmless Necr miscast
 21556 | Orc:2    | XOM: 1-stop teleportation journey
 21657 | IceCv    | Entered an ice cave
 21753 | IceCv    | XOM: fog
 21759 | IceCv    | XOM: god gift: shiny chain mail {god gift}
 21820 | IceCv    | Reached skill level 10 in Fighting
 21920 | IceCv    | Found an ancient bone altar of Kikubaaqudgha.
 21986 | IceCv    | XOM: swap monsters
 21998 | IceCv    | XOM: polymorph white imp -> white imp
 22021 | IceCv    | XOM: confuse monster(s)
 22190 | IceCv    | Learned a level 3 spell: Ozocubu's Armour
 22599 | Orc:2    | Reached skill level 1 in Ice Magic
 22677 | Orc:2    | Found a staircase to the Elven Halls.
 22861 | Orc:2    | XOM: scenery: create altars
 22876 | Orc:2    | XOM: summons friendly shadow imp
 23099 | Orc:2    | XOM: scenery: create altars
 23100 | Orc:2    | XOM: cast spell 'Discord'
 23230 | Orc:2    | XOM: scenery: create altars
 23340 | Orc:2    | Paralysed by an orc sorcerer for 3 turns
 23342 | Orc:2    | XOM: cast spell 'Summon Horrible Things'
 23691 | Orc:2    | XOM: summons friendly crimson imp
 23701 | Orc:2    | XOM: enchant monster (good)
 23948 | Orc:2    | Found Qostreli's Gadget Emporium.
 23948 | Orc:2    | Found Ziutt's Weapon Shop.
 23950 | Orc:2    | Found Pinubub's Weapon Shop.
 23950 | Orc:2    | Found Myutav's Armour Emporium.
 24047 | D:12     | XOM: scenery: 1 doors close
 24088 | D:13     | Bought the +0 mask of the Dragon {MR+ Slay+3 SInv} for 1002 gold pieces
 24088 | D:13     | Found the +0 mask of the Dragon {MR+ Slay+3 SInv}
 24088 | D:13     | Bought a curved wooden wand for 120 gold pieces
 24088 | D:13     | Bought a long ivory wand for 120 gold pieces
 24088 | D:13     | Bought a scroll of teleportation for 90 gold pieces
 24255 | Swamp:1  | Entered Level 1 of the Swamp
 24303 | Swamp:1  | XOM: fog
 24415 | Swamp:1  | XOM: god gift: wand of enslavement (14)
 24418 | Swamp:1  | XOM: fog
 24488 | Swamp:1  | Noticed Louise
 24495 | Swamp:1  | XOM: divination: detect creatures
 24505 | Swamp:1  | XOM: scenery: 1 doors open
 24527 | Swamp:1  | Killed Louise
 24546 | Swamp:1  | XOM: mild Necr miscast
 25224 | Swamp:2  | XOM: harmless Fire miscast
 25261 | Swamp:2  | XOM: enchant monster (bad)
 25276 | Swamp:2  | XOM: polymorph five-headed hydra -> tyrant leech
 25342 | Swamp:2  | XOM: swap monsters
 25437 | Swamp:2  | XOM: divination: detect creatures
 25444 | Swamp:2  | XOM: harmless Tmut miscast
 25729 | Swamp:3  | XOM: butterfly on damage
 25735 | Swamp:2  | XOM: cast spell 'Ring of Flames'
 25927 | Swamp:3  | XOM: mild Necr miscast
 25997 | Swamp:3  | XOM: divination: detect items
 26331 | Swamp:3  | XOM: enchant monster (good)
 26334 | Swamp:3  | XOM: 5-stop teleportation journey
 26380 | Swamp:3  | XOM: summons friendly crimson imp
 26449 | Swamp:3  | Reached XP level 16. HP: 129/131 MP: 21/21
 26506 | Swamp:3  | XOM: confuse monster(s)
 26886 | Swamp:4  | Entered Level 4 of the Swamp
 26888 | Swamp:4  | XOM: cleaving
 26896 | Swamp:4  | XOM: cleaving
 26932 | Swamp:4  | XOM: polymorph tengu conjurer -> eye of draining
 26940 | Swamp:4  | XOM: potion effect (invisibility)
 27011 | Swamp:3  | XOM: cloud trail
 27123 | Swamp:4  | XOM: smoke on damage
 27158 | Swamp:4  | XOM: cleaving
 27166 | Swamp:4  | XOM: enchant monster (good)
 27168 | Swamp:4  | XOM: summons 11 friendly demons
 27196 | Swamp:4  | XOM: fog
 27218 | Swamp:4  | XOM: noise
 27242 | Swamp:4  | XOM: swap monsters
 27248 | Swamp:4  | XOM: 2-stop teleportation journey
 27274 | Swamp:3  | XOM: polymorph four-headed hydra -> sea snake
 27517 | Lair:1   | Learned a level 4 spell: Passage of Golubria
 27564 | Spider:1 | Entered Level 1 of the Spider Nest
 27613 | Spider:1 | XOM: summons 2 hostile demons
 27615 | Spider:1 | XOM: enchant monster (good)
 27696 | Spider:1 | Reached skill level 5 in Spellcasting
 27770 | Spider:1 | Reached skill level 5 in Translocations
 27831 | Spider:1 | XOM: summons 1 hostile shadow creature
 27836 | Spider:1 | XOM: repel stairs
 27989 | Spider:1 | XOM: noise
 28431 | Spider:1 | XOM: harmless Ice miscast
 28699 | Spider:2 | XOM: enchant monster (good)
 28712 | Spider:2 | XOM: medium Tloc miscast
 28932 | Spider:2 | XOM: noise
 28989 | Spider:2 | XOM: enchant monster (bad)
 28990 | Spider:2 | XOM: cast spell 'Summon Small Mammal'
 29109 | Spider:2 | Noticed Arachne
 29135 | Spider:2 | XOM: noise
 29140 | Spider:2 | XOM: potion effect (experience)
 29140 | Spider:2 | Reached skill level 15 in Fighting
 29140 | Spider:2 | Reached XP level 17. HP: 142/142 MP: 21/25
 29207 | Spider:1 | XOM: potion effect (brilliance)
 29333 | Spider:1 | XOM: potion effect (curing)
 29613 | Spider:2 | Killed Arachne
 29747 | Spider:2 | XOM: god gift: 7 poisoned javelins
 29772 | Spider:2 | XOM: confuse monster(s)
 29890 | Spider:2 | Reached skill level 10 in Dodging
 30070 | Spider:2 | XOM: scenery: create altars
 30089 | Spider:3 | XOM: cast spell 'Dispersal'
 30093 | Spider:3 | XOM: cleaving
 30206 | Spider:3 | XOM: 4-stop teleportation journey
 30213 | Spider:3 | XOM: summons 3 friendly demons
 30218 | Spider:3 | XOM: summons 5 friendly demons
 30345 | Spider:3 | Reached XP level 18. HP: 146/149 MP: 16/26
 30367 | Spider:3 | Noticed Donald
 30382 | Spider:3 | XOM: enchant monster (good)
 30390 | Spider:3 | Your ally died
 30741 | Spider:3 | XOM: polymorph redback -> swamp worm
 30883 | Spider:3 | XOM: god gift: pair of runed gloves {god gift}
 30919 | Spider:4 | Entered Level 4 of the Spider Nest
 30924 | Spider:4 | XOM: scenery: create altars
 30940 | Spider:4 | XOM: cleaving
 30958 | Spider:4 | XOM: enchant monster (good)
 31095 | Spider:4 | Reached skill level 1 in Shields
 31177 | Spider:4 | XOM: smoke on damage
 31206 | Spider:4 | XOM: summons friendly white imp
 31440 | Spider:4 | XOM: silly message
 31482 | Spider:4 | XOM: harmless Fire miscast
 31518 | Spider:4 | XOM: swap monsters
 31526 | Spider:4 | XOM: harmless Necr miscast
 31530 | Spider:4 | XOM: harmless Ice miscast
 31618 | Spider:4 | XOM: blink monster(s)
 31639 | Spider:4 | XOM: summons friendly quasit
 31800 | Spider:4 | Reached skill level 5 in Shields
 31845 | Spider:4 | XOM: divination: magic mapping
 31862 | Spider:4 | XOM: fog
 32198 | Spider:4 | XOM: swap monsters
 32266 | Spider:4 | XOM: 1-stop teleportation journey
 32472 | Spider:4 | XOM: confusion
 32746 | Spider:4 | Got a gossamer rune of Zot
 32796 | Spider:4 | XOM: mild Conj miscast
 33039 | Swamp:4  | XOM: enchant monster (bad)
 33042 | Swamp:4  | XOM: chaos cloud
 33049 | Swamp:4  | XOM: noise
 33144 | Swamp:4  | XOM: swap monsters
 33194 | Swamp:4  | XOM: mild Chrm miscast
 33667 | Swamp:4  | XOM: noise
 33701 | Swamp:4  | Got a decaying rune of Zot
 33755 | Swamp:4  | XOM: medium Summ miscast
 34094 | D:11     | Bought a book of Unlife for 975 gold pieces
 34101 | D:11     | Learned a level 6 spell: Death Channel
 34240 | Vaults:1 | Entered Level 1 of the Vaults
 34418 | Elf:1    | Entered Level 1 of the Elven Halls
 34427 | Elf:1    | XOM: cleaving
 34459 | Elf:1    | XOM: enchant monster (good)
 34568 | Orc:2    | XOM: divination: magic mapping
 34646 | Elf:1    | XOM: divination: detect items
 35260 | Elf:1    | XOM: harmless Chrm miscast
 35286 | Elf:1    | XOM: cast spell 'Summon Ice Beast'
 35296 | Elf:1    | XOM: enchant monster (good)
 35313 | Elf:1    | XOM: potion effect (magic)
 35316 | Elf:1    | Reached XP level 19. HP: 155/155 MP: 27/27
 35323 | Elf:1    | XOM: cast spell 'Call Canine Familiar'
 35328 | Elf:1    | XOM: enchant monster (bad)
 35330 | Elf:1    | XOM: confuse monster(s)
 35383 | Elf:1    | XOM: medium Summ miscast
 35389 | Elf:2    | XOM: divination: detect items
 35500 | Elf:2    | XOM: noise
 35503 | Elf:2    | XOM: summons friendly chaos spawn
 35550 | Elf:2    | XOM: potion effect (invisibility)
 35567 | Elf:2    | XOM: potion effect (might)
 35620 | Elf:1    | XOM: divination: detect items
 35697 | Elf:1    | XOM: silly message
 36204 | Vaults:1 | XOM: harmless Erth miscast
 36310 | Vaults:1 | XOM: potion effect (invisibility)
 36427 | Vaults:1 | Reached skill level 10 in Necromancy
 36570 | Vaults:1 | XOM: harmless Erth miscast
 36576 | Vaults:1 | XOM: cast spell 'Summon Butterflies'
 36580 | Vaults:1 | XOM: 4-stop teleportation journey
 36606 | Vaults:1 | XOM: 2-stop teleportation journey
 36632 | Vaults:1 | XOM: 3-stop teleportation journey
 36641 | Vaults:1 | XOM: mild Pois miscast
 36759 | Vaults:1 | XOM: harmless Necr miscast
 36763 | Vaults:1 | XOM: harmless Summ miscast
 36989 | Vaults:1 | XOM: summons 4 hostile shadow creatures
 37091 | Vaults:1 | XOM: medium Tmut miscast
 37432 | Vaults:1 | XOM: harmless Summ miscast
 37500 | Vaults:1 | XOM: noise
 37559 | Vaults:1 | XOM: harmless Air miscast
 37681 | Vaults:1 | XOM: 5-stop teleportation journey
 37946 | Vaults:2 | XOM: divination: detect items
 37952 | Vaults:2 | XOM: enchant monster (good)
 37955 | Vaults:2 | XOM: summons 5 friendly demons
 38483 | Vaults:2 | XOM: confuse monster(s)
 38485 | Vaults:2 | XOM: harmless Summ miscast
 38625 | Vaults:2 | Found a staircase to the Crypt.
 38648 | Crypt:1  | Entered Level 1 of the Crypt
 38658 | Crypt:1  | XOM: mild Tloc miscast
 38684 | Vaults:2 | Learned a level 4 spell: Control Undead
 38696 | Crypt:1  | XOM: divination: detect items
 39456 | Vaults:2 | XOM: summons friendly ufetubus
 39459 | Vaults:2 | Reached skill level 15 in Polearms
 39703 | Vaults:2 | XOM: cloud trail
 39955 | D:12     | XOM: god gift: long smoking staff {god gift}
 40097 | Vaults:2 | XOM: god gift: dire flail {god gift}
 40234 | Vaults:2 | XOM: confuse monster(s)
 40350 | Vaults:2 | XOM: summons 8 friendly demons
 40401 | Vaults:1 | XOM: god gift: scroll of teleportation
 40518 | Vaults:1 | XOM: medium Ice miscast
 40624 | Vaults:2 | Got a crude ring mail
 40625 | Vaults:2 | Identified the cursed +1 ring mail of the Imp {+Fly} (You took it off a rakshasa on level 2 of the Vaults)
 40779 | Vaults:2 | Reached XP level 20. HP: 162/162 MP: 23/32
 40858 | Vaults:2 | Found the +7 Spriggan's Knife {MR+ EV+4 Dex+4 Stlth+}
 41375 | Vaults:3 | XOM: scenery: create altars
 41416 | Vaults:3 | XOM: fake destruction
 41428 | Vaults:3 | XOM: 2-stop teleportation journey
 41489 | Vaults:3 | XOM: medium Fire miscast
 41537 | Vaults:3 | XOM: 3-stop teleportation journey
 41822 | Vaults:3 | XOM: divination: detect items
 41841 | Vaults:3 | XOM: potion effect (magic)
 42287 | Vaults:3 | Found Biogu's Jewellery Shoppe.
 42372 | Vaults:3 | XOM: potion effect (agility)
 42433 | Vaults:3 | XOM: harmless Summ miscast
 42627 | Vaults:3 | XOM: silly message
 42630 | Vaults:3 | XOM: harmless Air miscast
 42633 | Vaults:3 | XOM: enchant monster (good)
 42650 | Vaults:3 | XOM: cast spell 'Summon Butterflies'
 42928 | Crypt:1  | XOM: harmless Tloc miscast
 43099 | Crypt:1  | XOM: scenery: 4 doors open
 43123 | Crypt:1  | XOM: medium Pois miscast
 43126 | Crypt:1  | XOM: mild Necr miscast
 43139 | Crypt:1  | XOM: enchant monster (good)
 43376 | Crypt:1  | XOM: cloud trail
 43526 | Crypt:1  | XOM: smoke on damage
 43931 | Crypt:1  | Found an ancient bone altar of Kikubaaqudgha.
 43949 | Crypt:1  | XOM: scenery: 3 doors open, 2 doors close
 44187 | Crypt:2  | XOM: god gift: hand axe {god gift}
 44260 | Crypt:2  | XOM: confuse monster(s)
 44266 | Crypt:2  | XOM: cleaving
 44302 | Crypt:2  | XOM: divination: detect items
 44356 | Crypt:2  | XOM: 6-stop teleportation journey
 44458 | Crypt:2  | XOM: god gift: 18 stones
 44505 | Crypt:2  | XOM: enchant monster (bad)
 44659 | Crypt:2  | XOM: mild Necr miscast
 44706 | Crypt:2  | XOM: blink monster(s)
 44729 | Crypt:2  | XOM: swap monsters
 44732 | Crypt:2  | XOM: medium Hex miscast
 44733 | Crypt:2  | XOM: enchant monster (bad)
 45021 | Crypt:2  | XOM: 1-stop teleportation journey
 45227 | Crypt:2  | XOM: summons 3 hostile shadow creatures
 45238 | Crypt:3  | Entered Level 3 of the Crypt
 45447 | Crypt:3  | XOM: confusion
 45612 | Crypt:3  | XOM: severe Chrm miscast
 45612 | Crypt:3  | Paralysed by the severe capriciousness of Xom for 3 turns
 46005 | Crypt:3  | XOM: 1-stop teleportation journey
 46006 | Crypt:3  | Found a basalt altar of Yredelemnul.
 46246 | Crypt:3  | Noticed Sojobo
 46246 | Crypt:3  | XOM: 1-stop teleportation journey
 46247 | Crypt:3  | XOM: summons 2 hostile shadow creatures
 46272 | Crypt:3  | XOM: cleaving
 46293 | Crypt:3  | XOM: summons 2 hostile demons
 46297 | Crypt:3  | XOM: medium Fire miscast
 46307 | Crypt:3  | XOM: mild Tloc miscast
 46328 | Crypt:3  | XOM: severe Tloc miscast
 46328 | Crypt:3  | Cast into level 4 of the Abyss (the severe capriciousness of Xom)
 46336 | Abyss:4  | Learned a level 5 spell: Summon Demon
 46483 | Abyss:4  | Reached skill level 1 in Summonings
 46556 | Abyss:4  | Reached XP level 21. HP: 171/171 MP: 31/33
 46561 | Abyss:4  | Reached skill level 2 in Summonings
 46626 | Abyss:4  | XOM: confuse monster(s)
 46629 | Abyss:4  | XOM: confusion (+ monsters)
 46676 | Abyss:4  | XOM: noise
 46698 | Abyss:4  | Reached skill level 3 in Summonings
 46805 | Abyss:4  | XOM: fog
 46813 | Abyss:4  | Found a bloodstained altar of Trog.
 46816 | Abyss:4  | XOM: fog
 46852 | Abyss:4  | XOM: divination: magic mapping
 46881 | Crypt:3  | Escaped the Abyss
 46892 | Crypt:3  | Reached skill level 4 in Summonings
 46963 | Crypt:3  | XOM: stat loss: -1 Str (16/17)
 46986 | Crypt:3  | Noticed Sojobo
 46986 | Crypt:3  | Sojobo changed into Sojobo the shard shrike
 46986 | Crypt:3  | XOM: polymorph Sojobo -> Sojobo the shard shrike
 46988 | Crypt:3  | XOM: chaos upgrade
 46989 | Crypt:3  | Noticed Mennas
 46989 | Crypt:3  | XOM: polymorph Sojobo the shard shrike -> Sojobo the shard shrike
 47208 | D:15     | XOM: polymorph great orb of eyes -> six-headed hydra
 47263 | D:15     | XOM: blink monster(s)
 47319 | D:15     | XOM: summons friendly shadow imp
 47378 | D:15     | XOM: silly message
 47396 | D:15     | Reached skill level 5 in Summonings
 47627 | D:15     | XOM: harmless Tloc miscast
 47641 | D:15     | Found a sacrificial altar of Ru.
 48112 | Depths:1 | Entered Level 1 of the Depths
 48151 | Depths:1 | XOM: polymorph red ugly thing -> queen ant
 48194 | Depths:1 | Reached skill level 6 in Summonings
 48362 | Depths:1 | XOM: noise
 48374 | Depths:1 | Found a one-way gate to the infinite horrors of the Abyss.
 48377 | Depths:1 | Found a gateway to Hell.
 48539 | Depths:1 | Reached skill level 7 in Summonings
 48598 | Depths:1 | XOM: cast spell 'Summon Dragon'
 48872 | Depths:1 | XOM: summons 10 hostile demons
 49221 | Depths:1 | XOM: confuse monster(s)
 49316 | Depths:1 | XOM: harmless Air miscast
 49387 | Depths:1 | XOM: noise
 49624 | Depths:2 | XOM: harmless Pois miscast
 49657 | Depths:2 | XOM: confuse monster(s)
 49659 | Depths:2 | XOM: smoke on damage
 49743 | Depths:2 | XOM: summons 3 friendly demons
 49745 | Depths:2 | Reached skill level 8 in Summonings
 49775 | Depths:1 | XOM: confuse monster(s)
 49863 | Depths:1 | XOM: confusion (+ monsters)
 49865 | Depths:1 | XOM: fog
 49955 | Depths:1 | XOM: noise
 50082 | Depths:1 | XOM: noise
 50086 | Depths:2 | Found Mohicul's Jewellery Emporium.
 50108 | Depths:2 | XOM: enchant monster (bad)
 50113 | Depths:2 | XOM: blink monster(s)
 50118 | Depths:2 | XOM: summons 10 hostile demons
 50383 | Depths:2 | Reached skill level 9 in Summonings
 50520 | Depths:1 | XOM: stat loss: -1 Dex (16/17)
 50643 | Depths:2 | XOM: harmless Necr miscast
 50761 | Depths:2 | XOM: harmless Chrm miscast
 50799 | Depths:2 | XOM: 1-stop teleportation journey
 50821 | Depths:2 | XOM: harmless Pois miscast
 50869 | Depths:2 | XOM: harmless Chrm miscast
 50890 | Depths:2 | XOM: confusion (+ monsters)
 50944 | Depths:2 | XOM: enchant monster (good)
 51024 | Depths:2 | Reached skill level 10 in Summonings
 51037 | Depths:2 | XOM: mild Conj miscast
 51047 | Depths:2 | XOM: mild Erth miscast
 51869 | Depths:2 | XOM: polymorph soul eater -> sun demon
 52032 | Depths:2 | XOM: polymorph spark wasp -> eight-headed hydra
 52128 | Depths:2 | XOM: summons 4 hostile shadow creatures
 52162 | Depths:2 | XOM: noise
 52680 | Depths:3 | Reached skill level 11 in Summonings
 52691 | Depths:3 | XOM: mild Erth miscast
 52921 | Depths:3 | XOM: enchant monster (good)
 53069 | Depths:3 | XOM: 1-stop teleportation journey
 53104 | Depths:3 | Found a one-way gate leading to the halls of Pandemonium.
 53140 | Depths:3 | Reached XP level 22. HP: 161/178 MP: 24/34
 53225 | Depths:3 | XOM: polymorph ice devil -> hellwing
 53227 | Depths:3 | XOM: god gift: potion of agility
 53301 | Depths:3 | XOM: polymorph hellwing -> ice devil
 53558 | Depths:3 | XOM: enchant monster (good)
 53560 | Depths:3 | XOM: cast spell 'Summon Dragon'
 53828 | Depths:3 | XOM: cast spell 'Leda's Liquefaction'
 53832 | Depths:3 | XOM: divination: detect creatures
 53949 | Depths:3 | XOM: god gift: wand of iceblast (8)
 53977 | Depths:3 | XOM: cleaving
 54032 | Depths:3 | XOM: scenery: 2 doors close
 54051 | Depths:3 | XOM: scenery: create altars
 54073 | Depths:3 | Noticed a golden dragon
 54080 | Depths:3 | XOM: polymorph fire dragon -> eye of devastation
 54085 | Depths:3 | Killed a golden dragon
 54170 | Depths:3 | Found a shattered altar of Ashenzari.
 54310 | Depths:3 | XOM: divination: detect creatures
 54450 | Depths:3 | XOM: god gift: 20 stones
 54492 | Depths:3 | XOM: summons 3 friendly demons
 54496 | Depths:3 | XOM: fog
 54543 | Depths:3 | XOM: cloud trail
 54545 | Depths:3 | XOM: god gift: shimmering granite ring {god gift}
 54546 | Depths:3 | Identified the ring of Bodily Harmony {-Tele rPois rF+ MP+9 Str+3} (Xom gifted it to you on level 3 of the Depths)
 54634 | Depths:4 | Noticed a golden dragon
 54648 | Depths:4 | XOM: noise
 54917 | Depths:4 | XOM: mild Chrm miscast
 54949 | Depths:4 | XOM: divination: magic mapping
 54961 | Depths:4 | XOM: confuse monster(s)
 55000 | Depths:4 | XOM: summons 5 friendly demons
 55003 | Depths:4 | XOM: summons friendly iron imp
 55010 | Depths:4 | Killed a golden dragon
 55010 | Depths:4 | Reached skill level 5 in Stealth
 55157 | Depths:4 | Upgraded the game from 0.21-a0-498-g1b60429 to 0.21-a0-504-g2eda330
 55181 | Depths:4 | XOM: divination: detect items
 55249 | Depths:4 | XOM: summons 2 hostile shadow creatures
 55272 | Depths:4 | XOM: cleaving
 55273 | Depths:4 | XOM: summons friendly iron imp
 55373 | Depths:4 | XOM: noise
 55695 | Depths:4 | XOM: repel stairs
 55701 | Depths:4 | XOM: confusion
 55731 | Depths:4 | XOM: 2-stop teleportation journey
 55741 | Depths:4 | XOM: medium Pois miscast
 55765 | Depths:4 | XOM: confusion (+ monsters)
 55769 | Depths:4 | XOM: mild Conj miscast
 55850 | Depths:4 | XOM: polymorph tengu reaver -> frost giant
 55872 | Depths:4 | XOM: mild Tloc miscast
 55911 | Depths:4 | XOM: enchant monster (bad)
 56251 | Depths:5 | Entered Level 5 of the Depths
 56337 | Depths:4 | XOM: summons 3 hostile demons
 56454 | Depths:4 | XOM: repel stairs
 56455 | Depths:4 | XOM: scenery: create altars
 56582 | Depths:5 | XOM: fog
 56608 | Depths:5 | XOM: summons 2 friendly demons
 56616 | Depths:5 | XOM: fake destruction
 56638 | Depths:4 | XOM: summons 2 hostile demons
 56778 | Depths:5 | XOM: blink monster(s)
 56828 | Depths:5 | Found a white marble altar of Elyvilon.
 56834 | Depths:5 | XOM: blink monster(s)
 56916 | Depths:5 | XOM: 1-stop teleportation journey
 57001 | Depths:5 | XOM: confusion
 57005 | Depths:5 | XOM: chaos cloud
 57072 | Depths:4 | XOM: summons 3 hostile demons
 57345 | Depths:5 | Found an ancient bone altar of Kikubaaqudgha.
 57347 | Depths:5 | Found a gateway to a ziggurat.
 57357 | Depths:5 | XOM: blink monster(s)
 57405 | Depths:5 | XOM: smoke on damage
 57567 | Depths:5 | Noticed a golden dragon
 57573 | Depths:5 | XOM: smoke on damage
 57575 | Depths:5 | Noticed Jory
 57627 | Depths:5 | Found a shattered altar of Ashenzari.
 57650 | Depths:5 | Reached XP level 23. HP: 130/184 MP: 26/35
 57859 | Depths:5 | XOM: 1-stop teleportation journey
 58014 | Depths:5 | XOM: harmless Ice miscast
 58019 | Depths:5 | XOM: medium Necr miscast
 58027 | Depths:5 | XOM: swap monsters
 58029 | Depths:5 | XOM: enchant monster (good)
 58230 | Depths:5 | XOM: confusion (+ monsters)
 58234 | Depths:5 | XOM: destruction
 58429 | Depths:5 | XOM: summons 3 friendly demons
 58467 | Depths:5 | XOM: fog
 58575 | Depths:2 | XOM: confuse monster(s)
 58766 | Lair:1   | Learned a level 5 spell: Irradiate
 59003 | Depths:4 | XOM: cloud trail
 59078 | Depths:5 | XOM: 1-stop teleportation journey
 59208 | Depths:5 | Reached skill level 1 in Transmutations
 59379 | Depths:5 | Found a gate to the Realm of Zot.
 59623 | Depths:5 | Found a deep blue altar of Sif Muna.
 59760 | Depths:5 | Identified a +0 pair of boots of running (You found it on level 5 of the Depths)
 59792 | Depths:5 | Reached skill level 5 in Conjurations
 60072 | Lair:2   | XOM: cast spell 'Disjunction'
 60414 | Lair:2   | XOM: smoke on damage
 60503 | Lair:2   | XOM: god gift: runed rapier {god gift}
 60594 | D:12     | XOM: god gift: sapphire potion {god gift}
 60605 | D:13     | XOM: cloud trail
 60744 | Depths:2 | Bought the ring of Phasing {EV+8} for 2304 gold pieces
 60744 | Depths:2 | Found the ring of Phasing {EV+8}
 60812 | Depths:1 | Voluntarily entered the Abyss.
 61011 | Abyss:1  | XOM: divination: detect items
 61116 | Abyss:1  | XOM: polymorph raiju -> human
 61149 | Abyss:1  | XOM: polymorph smoke demon -> ynoxinul
 61168 | Abyss:1  | XOM: summons friendly white imp
 61172 | Abyss:1  | XOM: cleaving
 61213 | Abyss:1  | XOM: polymorph white imp -> quasit
 61222 | Depths:1 | Escaped the Abyss
 61224 | Depths:1 | Voluntarily entered the Abyss.
 61248 | Abyss:1  | XOM: confusion
 61307 | Abyss:1  | XOM: noise
 61317 | Abyss:1  | XOM: enchant monster (bad)
 61436 | Abyss:1  | XOM: enchant monster (good)
 61676 | Abyss:1  | XOM: blink monster(s)
 61684 | Abyss:1  | XOM: potion effect (haste)
 61691 | Abyss:1  | XOM: summons friendly white imp
 61741 | Depths:1 | Escaped the Abyss
 61745 | Depths:1 | Voluntarily entered the Abyss.
 61907 | Abyss:1  | XOM: fog
 62081 | Abyss:2  | Found a corrupted altar of Lugonu.
 62115 | Abyss:2  | XOM: destruction
 62128 | Depths:1 | Escaped the Abyss
 62130 | Depths:1 | Voluntarily entered the Abyss.
 62152 | Depths:1 | Escaped the Abyss
 62155 | Depths:1 | Voluntarily entered the Abyss.
 62166 | Abyss:1  | Found a corrupted altar of Lugonu.
 62292 | Abyss:2  | Found a corrupted altar of Lugonu.
 62420 | Abyss:2  | XOM: harmless Erth miscast
 62798 | Abyss:3  | XOM: blink monster(s)
 62838 | Abyss:3  | Reached skill level 10 in Conjurations
 62844 | Abyss:3  | XOM: fog
 62870 | Abyss:3  | XOM: swap monsters
 62878 | Abyss:3  | XOM: cleaving
 62885 | Abyss:3  | Got an abyssal rune of Zot
 62903 | Abyss:3  | XOM: chaos upgrade
 62940 | Abyss:3  | XOM: medium Erth miscast
 62943 | Abyss:3  | XOM: polymorph large abomination -> flayed ghost
 62944 | Depths:1 | Escaped the Abyss
 63118 | Depths:1 | Voluntarily entered the Abyss.
 63201 | Abyss:1  | XOM: enchant monster (bad)
 63256 | Abyss:1  | Identified the Compendium of Polytheism
 63268 | Depths:1 | Escaped the Abyss
 63373 | Depths:1 | Voluntarily entered the Abyss.
 63373 | Abyss:1  | Found a corrupted altar of Lugonu.
 63871 | Abyss:1  | XOM: noise
 63942 | Abyss:1  | Reached XP level 24. HP: 177/191 MP: 35/35
 63950 | Abyss:1  | Found a corrupted altar of Lugonu.
 63990 | Depths:1 | Escaped the Abyss
 63992 | Depths:1 | Voluntarily entered the Abyss.
 64004 | Depths:1 | Escaped the Abyss
 64007 | Depths:1 | Voluntarily entered the Abyss.
 64030 | Abyss:1  | Identified the +9 plate armour of Yredelemnul's Reproof {rF+ MR+ Str-5 Int+7} (You found it on level 1 of the Abyss)
 64057 | Abyss:1  | Found a basalt altar of Yredelemnul.
 64109 | Depths:1 | Escaped the Abyss
 64138 | Depths:1 | Voluntarily entered the Abyss.
 64198 | Depths:1 | Escaped the Abyss
 64225 | Depths:1 | Voluntarily entered the Abyss.
 64331 | Depths:1 | Escaped the Abyss
 64341 | Depths:1 | Voluntarily entered the Abyss.
 64472 | Abyss:1  | XOM: enchant monster (bad)
 64565 | Abyss:1  | XOM: noise
 64714 | Abyss:1  | XOM: harmless Erth miscast
 64717 | Abyss:1  | XOM: mild Erth miscast
 64770 | Abyss:1  | XOM: blink monster(s)
 64846 | Abyss:1  | XOM: noise
 64901 | Abyss:1  | XOM: divination: detect items
 64918 | Abyss:1  | XOM: potion effect (brilliance)
 64922 | Abyss:1  | Reached skill level 10 in Spellcasting
 64928 | Depths:1 | Escaped the Abyss
 64936 | Depths:1 | Learned a level 6 spell: Shadow Creatures
 65021 | Depths:1 | Voluntarily entered the Abyss.
 65023 | Abyss:1  | Found a corrupted altar of Lugonu.
 65081 | Depths:1 | Escaped the Abyss
 65083 | Depths:1 | Voluntarily entered the Abyss.
 65083 | Abyss:1  | Found a corrupted altar of Lugonu.
 65171 | Depths:1 | Escaped the Abyss
 65173 | Depths:1 | Voluntarily entered the Abyss.
 65183 | Abyss:1  | XOM: silly message
 65331 | Depths:1 | Escaped the Abyss
 65384 | Depths:1 | Voluntarily entered the Abyss.
 65411 | Depths:1 | Escaped the Abyss
 65413 | Depths:1 | Voluntarily entered the Abyss.
 65543 | Depths:1 | Escaped the Abyss
 65552 | Depths:1 | XOM: harmless Hex miscast
 65681 | Depths:1 | Voluntarily entered the Abyss.
 65749 | Abyss:2  | Found a corrupted altar of Lugonu.
 65873 | Abyss:2  | XOM: divination: detect creatures
 65920 | Abyss:2  | Found an iron altar of Okawaru.
 65925 | Depths:1 | Escaped the Abyss
 65927 | Depths:1 | Voluntarily entered the Abyss.
 65996 | Abyss:1  | XOM: mild Chrm miscast
 66045 | Abyss:1  | XOM: noise
 66073 | Abyss:1  | XOM: fake destruction
 66249 | Depths:1 | Escaped the Abyss
 66415 | D:11     | Bought a book of Party Tricks for 750 gold pieces
 66417 | D:11     | Learned a level 1 spell: Apportation
 66419 | D:11     | Learned a level 1 spell: Summon Butterflies
 66492 | D:13     | Bought a scroll of enchant weapon for 225 gold pieces
 66617 | Elf:1    | XOM: severe Tmut miscast
 66635 | Elf:1    | XOM: confuse monster(s)
 66651 | Elf:1    | XOM: silly message
 66659 | Elf:1    | XOM: scenery: 2 doors close
 66904 | Elf:1    | XOM: polymorph deep elf high priest -> glowing shapeshifter
 67106 | Elf:2    | XOM: potion effect (might)
 67129 | Elf:2    | XOM: polymorph deep elf mage -> wind drake
 67234 | Elf:2    | XOM: summons 2 friendly demons
 67502 | Elf:2    | Found a runed gate.
 67502 | Elf:2    | Found a runed gate.
 67507 | Elf:2    | Found a runed gate.
 67558 | Elf:2    | Found Virobbe's Gadget Emporium.
 67569 | Elf:2    | Bought a box of beasts for 240 gold pieces
 67597 | Elf:2    | XOM: divination: detect creatures
 67791 | Elf:2    | XOM: divination: detect items
 68090 | Elf:2    | XOM: harmless Fire miscast
 68110 | Elf:2    | XOM: summons 8 hostile demons
 68201 | Elf:2    | Reached skill level 15 in Spellcasting
 68350 | Elf:2    | XOM: blink monster(s)
 68584 | Elf:3    | Entered Level 3 of the Elven Halls
 68626 | Elf:3    | XOM: harmless Air miscast
 68651 | Elf:3    | Noticed Mara
 68655 | Elf:3    | XOM: divination: magic mapping
 68658 | Elf:3    | Killed Mara
 68670 | Elf:3    | XOM: confuse monster(s)
 68787 | Elf:3    | Found a portal to a secret trove of treasure.
 69052 | Elf:3    | Reached skill level 12 in Summonings
 69170 | Elf:3    | XOM: divination: detect items
 69361 | Elf:3    | XOM: scenery: create altars
 69362 | Elf:3    | XOM: summons 2 hostile demons
 69363 | Elf:3    | XOM: repel stairs
 69375 | Elf:3    | XOM: fake destruction
 69390 | Elf:3    | XOM: destruction
 69395 | Elf:3    | XOM: summons friendly quasit
 69401 | Elf:3    | XOM: polymorph deep elf demonologist -> spark wasp
 69561 | Elf:3    | XOM: scenery: 1 doors close
 69771 | Elf:3    | XOM: confuse monster(s)
 69869 | Elf:3    | XOM: destruction
 69898 | Elf:3    | Reached skill level 13 in Summonings
 69898 | Elf:3    | Reached XP level 25. HP: 127/197 MP: 41/42
 69972 | Elf:3    | XOM: cloud trail
 69990 | Elf:3    | Got a heavily runed silver ring
 70035 | Elf:3    | XOM: god gift: wand of acid (8)
 70045 | Elf:3    | Reached skill level 5 in Evocations
 70056 | Elf:3    | Identified the Disquisition on Supportive Good Luck
 70062 | Elf:3    | Identified the ring "Vousmu Ekhle" {*Corrode rF++ Stlth-} (You took it off a deep elf elementalist on level 3 of the Elven Halls)
 70194 | Elf:3    | XOM: scenery: 1 doors close
 70200 | Elf:3    | XOM: god gift: 26 gold pieces
 70225 | Elf:3    | Identified the +4 glaive of the Radish {antimagic, MP+9 SInv Stlth+} (You took it off a deep elf annihilator on level 3 of the Elven Halls)
 70262 | Elf:3    | XOM: scenery: 2 doors close
 70290 | Elf:2    | XOM: scenery: 3 doors close
 70540 | Depths:1 | Voluntarily entered the Abyss.
 70540 | Abyss:1  | Found a corrupted altar of Lugonu.
 70557 | Abyss:1  | Found a corrupted altar of Lugonu.
 70603 | Abyss:1  | XOM: summons 2 friendly demons
 70729 | Depths:1 | Escaped the Abyss
 70746 | Depths:1 | Voluntarily entered the Abyss.
 70762 | Depths:1 | Escaped the Abyss
 70764 | Depths:1 | Voluntarily entered the Abyss.
 70868 | Depths:1 | Escaped the Abyss
 70870 | Depths:1 | Voluntarily entered the Abyss.
 70870 | Abyss:1  | XOM: noise
 70918 | Depths:1 | Escaped the Abyss
 70987 | Depths:1 | Voluntarily entered the Abyss.
 70987 | Abyss:1  | Found a corrupted altar of Lugonu.
 71033 | Abyss:1  | Identified the +0 scale mail of Vanity {rC+ Str-4 Dex+4} (You found it on level 1 of the Abyss)
 71036 | Abyss:1  | Found a corrupted altar of Lugonu.
 71202 | Abyss:2  | XOM: noise
 71212 | Depths:1 | Escaped the Abyss
 71215 | Depths:1 | XOM: mild Tloc miscast
 71366 | D:11     | Bought the -2 hat of the Alchemist {rElec rPois rF+ rC+ rN+ MR+ rMut rCorr} for 1463 gold pieces
 71366 | D:11     | Found the -2 hat of the Alchemist {rElec rPois rF+ rC+ rN+ MR+ rMut rCorr}
 71768 | Slime:1  | Entered Level 1 of the Pits of Slime
 71786 | Slime:1  | XOM: potion effect (invisibility)
 71806 | Slime:2  | Noticed Dissolution
 71820 | Slime:1  | Killed Dissolution
 71824 | Slime:1  | Reached skill level 14 in Summonings
 72121 | Slime:1  | XOM: enchant monster (bad)
 72122 | Slime:1  | XOM: harmless Necr miscast
 72151 | Slime:2  | XOM: swap monsters
 72160 | Slime:2  | XOM: summons friendly quasit
 72167 | Slime:1  | XOM: summons friendly shadow imp
 72171 | Slime:1  | XOM: blink monster(s)
 72174 | Slime:1  | XOM: god gift: shimmering ivory ring {god gift}
 72185 | Slime:1  | XOM: scenery: create altars
 72187 | Slime:1  | Got a shimmering ivory ring {god gift}
 72188 | Slime:1  | Identified the ring of Vishrot {rPois rF+++ MR+++ Dex-5 Slay+3} (Xom gifted it to you on level 1 of the Pits of Slime)
 72191 | Slime:1  | XOM: scenery: create altars
 72361 | Slime:2  | XOM: divination: detect creatures
 72470 | Slime:5  | Entered Level 5 of the Pits of Slime
 72524 | Slime:5  | Found a viscous altar of Jiyva.
 72526 | Slime:5  | Noticed the Royal Jelly
 72549 | Slime:5  | XOM: confuse monster(s)
 72551 | Slime:5  | Killed the Royal Jelly
 72659 | Slime:5  | XOM: enchant monster (good)
 72661 | Slime:5  | XOM: harmless Hex miscast
 72909 | Slime:5  | XOM: cast spell 'Call Canine Familiar'
 72974 | Slime:5  | XOM: potion effect (haste)
 73015 | Slime:5  | XOM: polymorph slime creature -> two-headed ogre
 73156 | Slime:5  | Identified the +3 halberd of Vureudd {freeze, rF+++ rC+ Int+4 Dex-3} (You found it on level 5 of the Pits of Slime)
 73171 | Slime:5  | Identified Emibol's Reference Book on Feathers and Shape Shifting
 73174 | Slime:5  | Identified Binwun's Disquisition on Orientation and Bewitchment
 73223 | Slime:5  | Got a transparent golden ring
 73224 | Slime:5  | Identified the ring "Ywkelush" {-Tele MR+ Int+3 Dex+7 SInv} (You found it on level 5 of the Pits of Slime)
 73267 | Slime:5  | Got a slimy rune of Zot
 73634 | Depths:2 | XOM: god gift: glowing crystal plate armour {god gift}
 73857 | D:9      | XOM: scenery: create altars
 73886 | D:7      | Bought an embroidered cloak for 240 gold pieces
 74051 | D:15     | XOM: 2-stop teleportation journey
 74164 | Depths:2 | Bought an uncursed ring of see invisible for 270 gold pieces
 74257 | Depths:1 | XOM: god gift: 620 gold pieces
 74417 | Depths:5 | XOM: confuse monster(s)
 74433 | Zot:1    | Entered Level 1 of the Realm of Zot
 74474 | Depths:5 | XOM: summons friendly white imp
 74526 | Zot:1    | XOM: confuse monster(s)
 74812 | Zot:1    | XOM: destruction
 74970 | Zot:1    | XOM: fog
 74978 | Zot:1    | XOM: potion effect (magic)
 75024 | Zot:1    | XOM: harmless Tmut miscast
 75127 | Zot:1    | XOM: medium Conj miscast
 75177 | Zot:1    | XOM: divination: magic mapping
 75195 | Zot:1    | XOM: harmless Pois miscast
 75318 | Zot:1    | XOM: divination: magic mapping
 75354 | Zot:1    | Gained mutation: You are strongly in touch with the powers of death. [Mummy growth]
 75354 | Zot:1    | Reached XP level 26. HP: 118/215 MP: 4/42
 75396 | Zot:1    | XOM: mild Hex miscast
 75671 | Zot:1    | XOM: potion effect (might)
 76016 | Zot:2    | XOM: cast spell 'Summon Hydra'
 76085 | Zot:2    | XOM: polymorph green draconian -> death yak
 76312 | Zot:2    | XOM: harmless Chrm miscast
 76417 | Zot:2    | XOM: scenery: 1 doors open, 1 doors close
 76647 | Zot:3    | XOM: fog
 76657 | Zot:3    | Reached skill level 15 in Summonings
 76658 | Zot:3    | Noticed an orb of fire
 76741 | Zot:3    | XOM: divination: detect creatures
 76749 | Zot:3    | XOM: swap monsters
 76820 | Zot:3    | XOM: cast spell 'Leda's Liquefaction'
 76962 | Zot:3    | XOM: fog
 76963 | Zot:3    | XOM: harmless Necr miscast
 76968 | Zot:3    | Killed an orb of fire
 77142 | Zot:2    | XOM: enchant monster (good)
 77279 | Depths:5 | XOM: summons 1 hostile demon
 77501 | D:14     | XOM: harmless Conj miscast
 77689 | Crypt:3  | Found a staircase to the Tomb.
 77689 | Crypt:3  | XOM: 2-stop teleportation journey
 77690 | Crypt:3  | Noticed Khufu
 77936 | Crypt:3  | XOM: medium Tloc miscast
 77947 | Crypt:3  | Killed Sojobo the shard shrike
 77969 | Crypt:3  | XOM: harmless Pois miscast
 78093 | Crypt:3  | XOM: scenery: 2 fountains blood, 1 doors close
 78120 | Crypt:3  | Noticed Jorgrun
 78129 | Crypt:3  | Killed Jorgrun
 78256 | Crypt:3  | XOM: polymorph smoke demon -> ynoxinul
 78385 | Crypt:3  | XOM: cleaving
 78401 | Crypt:3  | Killed Mennas
 78419 | Crypt:3  | XOM: polymorph soldier ant -> ogre
 78674 | Crypt:3  | XOM: medium Necr miscast
 78702 | Crypt:3  | XOM: swap monsters
 78732 | Crypt:3  | XOM: polymorph small abomination -> necrophage
 78823 | Crypt:3  | XOM: medium Fire miscast
 78916 | Crypt:3  | XOM: swap monsters
 78928 | Crypt:3  | XOM: enchant monster (bad)
 78936 | Crypt:3  | Killed Khufu
 78990 | Tomb:1   | Entered Level 1 of the Tomb of the Ancients
 79222 | Tomb:1   | XOM: medium Conj miscast
 79318 | Tomb:1   | Reached skill level 16 in Summonings
 79381 | Crypt:3  | XOM: mild Ice miscast
 79689 | Depths:1 | XOM: mild Chrm miscast
 79746 | Depths:3 | XOM: god gift: ring mail {god gift}
 79824 | Zig:1    | Entered Level 1 of a ziggurat
 79830 | Zig:1    | XOM: cast spell 'Summon Small Mammal'
 79846 | Zig:2    | Entered Level 2 of a ziggurat
 79851 | Zig:2    | XOM: confusion (+ monsters)
 79867 | Zig:2    | XOM: divination: detect items
 79932 | Zig:3    | Entered Level 3 of a ziggurat
 79983 | Zig:4    | Entered Level 4 of a ziggurat
 80015 | Zig:4    | Identified the Compendium of Ghastly Clay
 80021 | Zig:4    | Got a twitching tin ring
 80022 | Zig:4    | Identified the ring "Kifuewun" {Ice Dex+2} (You found it on level 4 of a ziggurat)
 80034 | Zig:4    | XOM: harmless Necr miscast
 80066 | Zig:5    | Entered Level 5 of a ziggurat
 80071 | Zig:5    | Noticed an ancient lich
 80083 | Zig:5    | Killed an ancient lich
 80089 | Zig:5    | XOM: noise
 80157 | Zig:6    | Entered Level 6 of a ziggurat
 80185 | Zig:7    | Entered Level 7 of a ziggurat
 80208 | Zig:7    | XOM: medium Pois miscast
 80383 | Zig:7    | Identified the Papyrus of Shifting Black Rites
 80540 | Zig:8    | Entered Level 8 of a ziggurat
 80552 | Zig:8    | Noticed Van Ceshe the pandemonium lord
 80555 | Zig:8    | XOM: medium Necr miscast
 80563 | Zig:9    | Entered Level 9 of a ziggurat
 80652 | Zig:9    | XOM: blink monster(s)
 80731 | Depths:5 | XOM: summons 4 hostile shadow creatures
 80814 | Depths:4 | Voluntarily entered the Abyss.
 80814 | Abyss:1  | XOM: noise
 80900 | Depths:4 | Escaped the Abyss
 80902 | Depths:4 | Voluntarily entered the Abyss.
 80912 | Abyss:1  | XOM: harmless Conj miscast
 80978 | Abyss:1  | XOM: enchant monster (bad)
 80990 | Abyss:1  | XOM: polymorph green death -> something unseen
 81016 | Abyss:1  | XOM: harmless Tloc miscast
 81093 | Abyss:1  | XOM: cleaving
 81122 | Abyss:2  | Found a corrupted altar of Lugonu.
 81122 | Abyss:2  | Found a radiant altar of Vehumet.
 81134 | Abyss:2  | XOM: god gift: 17 stones
 81137 | Depths:4 | Escaped the Abyss
 81209 | Depths:4 | Voluntarily entered the Abyss.
 81209 | Abyss:1  | XOM: stealth player
 81261 | Abyss:1  | XOM: cast spell 'Summon Horrible Things'
 81343 | Abyss:1  | Found a shimmering altar of Xom.
 81516 | Depths:4 | Escaped the Abyss
 81528 | Depths:4 | Voluntarily entered the Abyss.
 81547 | Abyss:2  | XOM: stealth player
 81597 | Depths:4 | Escaped the Abyss
 81607 | Depths:4 | Voluntarily entered the Abyss.
 81609 | Abyss:1  | Found a corrupted altar of Lugonu.
 81623 | Abyss:2  | Found a corrupted altar of Lugonu.
 81637 | Abyss:2  | Found a burning altar of Makhleb.
 81654 | Depths:4 | Escaped the Abyss
 81656 | Depths:4 | Voluntarily entered the Abyss.
 81664 | Abyss:1  | Found a corrupted altar of Lugonu.
 81667 | Abyss:1  | Found a corrupted altar of Lugonu.
 81799 | Abyss:1  | Reached skill level 17 in Summonings
 81862 | Depths:4 | Escaped the Abyss
 81875 | Depths:4 | Voluntarily entered the Abyss.
 81913 | Depths:4 | Escaped the Abyss
 81915 | Depths:4 | Voluntarily entered the Abyss.
 82006 | Depths:4 | Escaped the Abyss
 82008 | Depths:4 | Voluntarily entered the Abyss.
 82016 | Abyss:1  | Found a corrupted altar of Lugonu.
 82029 | Depths:4 | Escaped the Abyss
 82031 | Depths:4 | Voluntarily entered the Abyss.
 82045 | Abyss:1  | Found a blossoming altar of Fedhas.
 82050 | Depths:4 | Escaped the Abyss
 82052 | Depths:4 | Voluntarily entered the Abyss.
 82101 | Depths:4 | Escaped the Abyss
 82114 | Depths:4 | Voluntarily entered the Abyss.
 82168 | Abyss:1  | XOM: cleaving
 82187 | Depths:4 | Escaped the Abyss
 82521 | Elf:3    | You paid a toll of a +5 demon blade to enter a treasure trove
 82522 | Trove    | Entered a treasure trove
 82546 | Trove    | Got a pair of crude gloves
 82547 | Trove    | Identified the +2 pair of gloves "Onoideug" {rC+ Str+3 Dex+3 Stlth-} (You found it in a treasure trove)
 82593 | Trove    | Got a transparent brass ring
 82594 | Trove    | Identified the ring "Aqemoygg" {MR++ Str+2 Int-2 Slay+3} (You found it in a treasure trove)
 82596 | Trove    | Got an ancient bronze amulet
 82597 | Trove    | Identified the amulet of Vanity {Reflect rPois rN+ MR+ Int-3 SH+4} (You found it in a treasure trove)
 82646 | Elf:3    | XOM: stat loss: -1 Str (19/20)
 83237 | Pan      | Entered Pandemonium
 83245 | Pan      | XOM: confuse monster(s)
 83250 | Pan      | Reached XP level 27. HP: 222/222 MP: 40/42
 83262 | Pan      | Reached skill level 1 in Air Magic
 83307 | Pan      | XOM: fog
 83328 | Pan      | XOM: harmless Tloc miscast
 83352 | Pan      | XOM: potion effect (haste)
 83355 | Pan      | XOM: enchant monster (good)
 83393 | Pan      | XOM: enchant monster (good)
 83639 | Pan      | XOM: divination: detect items
 83664 | Pan      | Entered the realm of Mnoleg.
 83865 | Pan      | XOM: polymorph iron imp -> crimson imp
 83885 | Pan      | XOM: confuse monster(s)
 83912 | Pan      | XOM: confusion (+ monsters)
 83924 | Pan      | Reached skill level 5 in Air Magic
 83926 | Pan      | XOM: mild Summ miscast
 83955 | Pan      | Paralysed by a floating eye for 3 turns
 83960 | Pan      | Noticed Mnoleg
 84000 | Pan      | XOM: scenery: create altars
 84003 | Pan      | XOM: harmless Fire miscast
 84031 | Pan      | XOM: enchant monster (good)
 84033 | Pan      | XOM: summons friendly shadow imp
 84053 | Pan      | XOM: summons friendly iron imp
 84055 | Pan      | XOM: cast spell 'Leda's Liquefaction'
 84060 | Pan      | XOM: summons friendly white imp
 84076 | Pan      | XOM: confuse monster(s)
 84089 | Pan      | XOM: enchant monster (good)
 84101 | Pan      | XOM: polymorph neqoxec -> smoke demon
 84126 | Pan      | XOM: stat loss: -1 Int (8/17)
 84170 | Pan      | Learned a level 4 spell: Summon Lightning Spire
 84220 | Pan      | XOM: 2-stop teleportation journey
 84224 | Pan      | XOM: 4-stop teleportation journey
 84255 | Pan      | XOM: scenery: create altars
 84301 | Pan      | XOM: potion effect (brilliance)
 84317 | Pan      | XOM: blink monster(s)
 84326 | Pan      | XOM: summons friendly iron imp
 84549 | Pan      | XOM: summons 10 friendly demons
 84591 | Pan      | Paralysed by a floating eye for 2 turns
 84593 | Pan      | XOM: polymorph floating eye -> death drake
 84819 | Pan      | Got a glowing rune of Zot
 84827 | Pan      | XOM: cast spell 'Chain of Chaos'
 84840 | Pan      | XOM: mild Air miscast
 84843 | Pan      | XOM: confusion (+ monsters)
 84943 | Pan      | Noticed Mnoleg
 84986 | Pan      | XOM: cloud trail
 85006 | Pan      | XOM: harmless Air miscast
 85078 | Pan      | Noticed Mnoleg
 85084 | Pan      | Noticed Zunex the pandemonium lord
 85085 | Pan      | XOM: potion effect (agility)
 85095 | Pan      | Noticed Mnoleg
 85103 | Pan      | XOM: enchant monster (good)
 85119 | Pan      | XOM: fog
 85194 | Pan      | XOM: potion effect (curing)
 85322 | Pan      | Found an exit through the horrors of the Abyss.
 85329 | Pan      | Took an exit into the Abyss.
 85329 | Abyss:1  | Escaped into the Abyss
 85375 | Abyss:1  | Identified the +1 chain mail of Somewhere Else {rElec rPois rF+} (You found it on level 1 of the Abyss)
 85450 | Abyss:1  | XOM: fog
 85454 | Abyss:1  | XOM: scenery: create altars
 85465 | Depths:3 | Escaped the Abyss
 85537 | Depths:1 | XOM: god gift: morningstar {god gift}
 85591 | D:15     | Learned a level 5 spell: Silence
 85792 | Vaults:3 | Reached skill level 1 in Hexes
 86010 | Vaults:4 | Found a ruined gateway.
 86026 | Desolati | Entered the Desolation of Salt
 86047 | Desolati | XOM: potion effect (invisibility)
 86075 | Desolati | XOM: confuse monster(s)
 86076 | Desolati | Reached skill level 5 in Hexes
 86135 | Desolati | XOM: noise
 86143 | Desolati | XOM: harmless Ice miscast
 86163 | Desolati | XOM: potion effect (curing)
 86379 | Vaults:4 | XOM: mild Air miscast
 86463 | Vaults:4 | Found Joylais's Weapon Emporium.
 87037 | Zot:4    | XOM: summons friendly shadow imp
 87040 | Zot:3    | XOM: confusion
 87056 | Zot:3    | Reached skill level 18 in Summonings
 87326 | Zot:3    | XOM: summons friendly iron imp
 87328 | Zot:3    | XOM: cast spell 'Summon Butterflies'
 87342 | Zot:3    | XOM: 6-stop teleportation journey
 87403 | Zot:3    | XOM: summons friendly white imp
 87866 | Zot:3    | XOM: god gift: falchion {god gift}
 88093 | Zot:4    | XOM: polymorph moth of wrath -> komodo dragon
 88256 | Zot:4    | Reached skill level 19 in Summonings
 88321 | Zot:4    | XOM: severe Erth miscast
 88633 | Zot:5    | Entered Level 5 of the Realm of Zot
 88750 | Zot:4    | XOM: noise
 89099 | Zot:5    | XOM: 1-stop teleportation journey
 89107 | Zot:5    | XOM: noise
 89118 | Zot:5    | Noticed an ancient lich
 89118 | Zot:5    | Noticed an orb of fire
 89129 | Zot:5    | XOM: noise
 89250 | Depths:5 | Killed Jory
 89353 | Depths:4 | Voluntarily entered the Abyss.
 89389 | Abyss:2  | XOM: polymorph unseen horror -> yaktaur
 89405 | Abyss:2  | XOM: potion effect (might)
 89419 | Abyss:2  | XOM: cleaving
 89481 | Abyss:2  | XOM: scenery: create altars
 89512 | Abyss:3  | Identified the cursed +0 chain mail of Longafis {rElec Dex+4} (You found it on level 3 of the Abyss)
 89603 | Abyss:3  | XOM: cast spell 'Metabolic Englaciation'
 89743 | Abyss:3  | Found a corrupted altar of Lugonu.
 89805 | Abyss:3  | Found a corrupted altar of Lugonu.
 89870 | Abyss:3  | XOM: cast spell 'Summon Hydra'
 89982 | Abyss:3  | XOM: potion effect (brilliance)
 89983 | Abyss:3  | XOM: potion effect (magic)
 89991 | Abyss:3  | Reached skill level 20 in Summonings
 90085 | Abyss:5  | Entered Level 5 of the Abyss
 90098 | Depths:4 | Escaped the Abyss
 90100 | Depths:4 | Voluntarily entered the Abyss.
 90152 | Abyss:1  | XOM: divination: magic mapping
 90186 | Depths:4 | Escaped the Abyss
 90192 | Depths:4 | Voluntarily entered the Abyss.
 90195 | Abyss:1  | Found a corrupted altar of Lugonu.
 90212 | Abyss:1  | Found a corrupted altar of Lugonu.
 90275 | Abyss:2  | Identified the +2 robe of the Game of Kings {Str+5 Dex+6} (You found it on level 2 of the Abyss)
 90327 | Abyss:3  | XOM: divination: magic mapping
 90329 | Abyss:3  | XOM: mild Tmut miscast
 90384 | Abyss:3  | XOM: mild Erth miscast
 90412 | Abyss:3  | XOM: divination: detect creatures
 90670 | Abyss:3  | Found a corrupted altar of Lugonu.
 90717 | Depths:4 | Escaped the Abyss
 90723 | Depths:4 | Voluntarily entered the Abyss.
 90784 | Depths:4 | Escaped the Abyss
 90786 | Depths:4 | Voluntarily entered the Abyss.
 90786 | Abyss:1  | Found an opulent altar of Gozag.
 90798 | Abyss:1  | XOM: polymorph purple draconian monk -> azure jelly
 90803 | Abyss:1  | XOM: fake destruction
 90804 | Abyss:1  | XOM: smoke on damage
 90811 | Abyss:2  | Found a corrupted altar of Lugonu.
 90974 | Abyss:4  | XOM: confuse monster(s)
 90991 | Depths:4 | Escaped the Abyss
 90993 | Depths:4 | Voluntarily entered the Abyss.
 90997 | Abyss:1  | XOM: destruction
 91009 | Abyss:1  | XOM: fog
 91010 | Abyss:1  | XOM: summons friendly ufetubus
 91045 | Depths:4 | Escaped the Abyss
 91047 | Depths:4 | Voluntarily entered the Abyss.
 91047 | Abyss:1  | XOM: noise
 91082 | Abyss:2  | Found a corrupted altar of Lugonu.
 91099 | Depths:4 | Escaped the Abyss
 91102 | Depths:4 | Voluntarily entered the Abyss.
 91136 | Abyss:2  | Identified the cursed +1 dagger of Destruction {drain, +Blink +Rage rN++ MP-9} (You found it on level 2 of the Abyss)
 91166 | Depths:4 | Escaped the Abyss
 91168 | Depths:4 | Voluntarily entered the Abyss.
 91170 | Abyss:1  | Noticed an ancient lich
 91179 | Abyss:1  | XOM: cast spell 'Summon Butterflies'
 91186 | Abyss:1  | XOM: mild Tloc miscast
 91240 | Abyss:2  | Found a corrupted altar of Lugonu.
 91274 | Abyss:2  | XOM: enchant monster (good)
 91295 | Abyss:2  | XOM: confuse monster(s)
 91306 | Abyss:2  | Found a hazy altar of Hepliaklqana.
 91323 | Depths:4 | Escaped the Abyss
 91327 | Depths:4 | Voluntarily entered the Abyss.
 91328 | Abyss:1  | Found a corrupted altar of Lugonu.
 91333 | Abyss:1  | XOM: enchant monster (good)
 91337 | Abyss:1  | XOM: enchant monster (good)
 91347 | Depths:4 | Escaped the Abyss
 91349 | Depths:4 | Voluntarily entered the Abyss.
 91351 | Abyss:1  | Found a corrupted altar of Lugonu.
 91358 | Abyss:1  | Killed an ancient lich
 91389 | Abyss:1  | XOM: harmless Summ miscast
 91498 | Abyss:1  | Found a corrupted altar of Lugonu.
 91537 | Abyss:1  | Found a corrupted altar of Lugonu.
 91620 | Depths:4 | Escaped the Abyss
 91624 | Depths:4 | Voluntarily entered the Abyss.
 91636 | Abyss:1  | Found a corrupted altar of Lugonu.
 91704 | Abyss:1  | XOM: scenery: create altars
 91778 | Abyss:1  | Reached skill level 21 in Summonings
 91839 | Abyss:1  | XOM: summons 1 hostile demon
 91849 | Depths:4 | Escaped the Abyss
 91878 | Depths:4 | Voluntarily entered the Abyss.
 91985 | Abyss:1  | XOM: harmless Tmut miscast
 92117 | Abyss:1  | XOM: summons 13 hostile demons
 92145 | Depths:4 | Escaped the Abyss
 92156 | Depths:4 | XOM: summons 13 hostile demons
 92223 | Depths:1 | Identified the Guide on the Enthralling Entourage (You acquired it on level 1 of the Depths)
 92271 | D:15     | Learned a level 7 spell: Malign Gateway
 92279 | D:15     | Learned a level 7 spell: Spellforged Servitor
 92308 | Depths:1 | XOM: harmless Erth miscast
 92331 | Depths:1 | Learned a level 6 spell: Iron Shot
 92477 | Pan      | Entered Pandemonium
 92531 | Pan      | XOM: blink monster(s)
 92547 | Pan      | Reached skill level 1 in Earth Magic
 92720 | Pan      | Entered the realm of Lom Lobon.
 92803 | Pan      | XOM: severe Chrm miscast
 92803 | Pan      | Paralysed by the severe capriciousness of Xom for 3 turns
 92822 | Pan      | XOM: noise
 93152 | Pan      | Noticed Lom Lobon
 93153 | Pan      | Reached skill level 5 in Earth Magic
 93158 | Pan      | XOM: divination: magic mapping
 93203 | Pan      | XOM: divination: detect items
 93323 | Pan      | XOM: harmless Chrm miscast
 93362 | Pan      | Got a magical rune of Zot
 93378 | Pan      | Killed Lom Lobon
 93466 | Pan      | Entered the realm of Cerebov.
 93507 | Pan      | XOM: potion effect (invisibility)
 93539 | Pan      | Noticed Mnoleg
 93548 | Pan      | XOM: potion effect (brilliance)
 93579 | Pan      | XOM: harmless Conj miscast
 93582 | Pan      | XOM: potion effect (might)
 93588 | Pan      | XOM: potion effect (brilliance)
 93630 | Pan      | XOM: cast spell 'Summon Small Mammal'
 93638 | Pan      | XOM: noise
 93682 | Pan      | Paralysed by a floating eye for 4 turns
 93686 | Pan      | Demolished by a large abomination

Vault maps used:
D:1:      onia_arrival_mini_spirals
D:3:      first_bread
D:4:      kennysheep_goblin_castle, serial_shops, nicolae_shop_crystal
D:5:      st_stairs_14
D:7:      minmay_temple_entry_crystal_x, basic_altar,
          nicolae_ossuary_entry_catacombs, minmay_shop_grid_forest,
          grunt_decor_mini_mirrors, okawaru_trees_1
D:8:      marbit_many_paths
D:10:     erik_lair_island, serial_shops, shop, grunt_livestock
D:11:     david_orc_5, serial_shops, nicolae_shop_behind_doors,
          nicolae_shop_overgrown_old_shop, uniq_psyche, uniq_urug
D:12:     hangedman_abyss_or_decor_slice, nicolae_transmutations_shop
D:13:     serial_shops, kennysheep_mini_moat
D:14:     david_vaults_5, hangedman_decor_points, lightli_fourway_metalbox
D:15:     hangedman_depths_entry_try_elsewhere_first,
          nicolae_ru_the_path_less_chosen
Lair:1:   grunt_megastairs_1, serial_bayou_shore_a, infiniplex_staircase_pool_2,
          uniq_erica, uniq_nergalle, uniq_fannar
Lair:2:   gammafunk_lair_enchanted_lake, spider_nest_entry_rubble,
          lemuel_altar_in_water2, minmay_lair_oklob_chamber, uniq_harold
Lair:3:   uniq_snorg
Lair:4:   swamp_mist, grunt_megastairs_3
Lair:6:   minmay_lair_end_frog_pond, minmay_slime_entry_pillars
Swamp:1:  hangedman_swamp_ruin_hall, swamp_pool1, nicolae_swamp_rocky_clearing,
          uniq_louise
Swamp:2:  evilmike_swamp_ruin_house_3, swamp_pool2
Swamp:3:  evilmike_swamp_ruin_rubble_2
Swamp:4:  swamp_basic_johnstein, swamp_pool1, kb_tengu_band
Spider:2: guppyfry_spider_mini_3, uniq_arachne
Spider:3: uniq_donald
Spider:4: grunt_spider_rune_island, spider_trap
Slime:1:  nicolae_slime_barrier
Slime:2:  dissolution_awaits
Orc:2:    grunt_orc_tribal_feast, portal_ice_cave_entry_pillars_2
Elf:1:    minmay_elf_arrival_summoners, orc_legates, nicolae_elf_v_pinch
Elf:2:    serial_shops, nicolae_shop_waterfront
Elf:3:    elf_hall, nicolae_trove_entry_diagonal, uniq_mara
Vaults:1: nicolae_vaults_little_squares_4, nicolae_vaults_border_crossing,
          nicolae_vaults_rhombus_6, v_misc_25, vaults_mumra_hex,
          hangedman_vaults_stagger, hangedman_vaults_restitches, v_misc_11,
          hangedman_vaults_stream, v_misc_16
Vaults:2: st_eye, vaults_dpeg_spiral, blue_anna_dwarven_crypt,
          ontoclasm_vaults_misaligned, grunt_vaults_funnel, vaults_dpeg_hooks,
          hangedman_vaults_nails, v_misc_2, vaults_room_semicircle,
          ontoclasm_vaults_shuriken, nicolae_vaults_diagonal_hallway_7,
          v_misc_19
Vaults:3: v_alt_pattern_2, nicolae_vaults_little_squares_6,
          ontoclasm_vaults_shout, nicolae_vaults_stairing_the_circle,
          nicolae_vaults_alarming, ontoclasm_vaults_claustrophobia,
          vaults_room_corners, hangedman_vaults_maws, ontoclasm_vaults_ligature,
          v_misc_2, vaults_dpeg_encased_lava, ontoclasm_vaults_twist,
          serial_shops, nicolae_shop_waterfront
Vaults:4: hangedman_vaults_locks, v_misc_25, vaults_standard_mumra_x, v_misc_30,
          nicolae_vaults_circle_grid_b, ontoclasm_vaults_spin,
          hangedman_vaults_impose, v_misc_27, nicolae_vaults_asterisk,
          portal_desolation_entry_nicolae_nacl, serial_shops,
          nicolae_shop_statue_plus
Crypt:1:  basic_altar
Crypt:2:  grunt_megastairs_2
Crypt:3:  grunt_crypt_end_deaths_head, uniq_jorgrun, uniq_mennas, uniq_sojobo
Depths:1: serial_bayou, serial_bayou_ford_a, serial_bayou_pond_a,
          serial_bayou_pond_a, serial_bayou_lagoon_a, hell_entry,
          wad_floor_pattern_1, abyss_entry, hangedman_devilish_allure
Depths:2: minmay_curly_fans, grunt_metal_band, serial_shops, shop,
          infiniplex_staircase_river
Depths:3: hangedman_cross_cluster, rand_demon_pan_entry_3,
          grunt_hell_entry_dis_mu, minmay_holes, uniq_jory
Depths:4: minmay_outward_triangles, abyss_entry_small_statue_room,
          minmay_large_rounded_square, pf_hell_entry_tar_spiral,
          dk_noncrumbling_3
Depths:5: grunt_profane_halls, hell_entry
Zot:1:    grunt_ministairs_10
Zot:2:    basic_stair_grate_trap
Zot:5:    grunt_ministairs_13, nicolae_zot_crop_circle
Abyss:1:  evilmike_abyss_exit_11, hangedman_relentless_pull,
          hangedman_abyss_or_decor_clamps, minivault_19,
          hangedman_abyss_overflow_altar, evilmike_abyss_exit_smiterflies,
          minivault_23, evilmike_abyss_exit_3, hangedman_cross_veins,
          evilmike_abyss_exit_13, hangedman_abyss_exit_choices,
          lemuel_flamethrower_3, bh_abyss_exit_spiral, evilmike_abyss_exit_8,
          evilmike_abyss_exit_6, evilmike_abyss_exit_4, abyss_furniture_001,
          evilmike_abyss_exit_2, bh_abyss_exit_spiral, evilmike_abyss_exit_17,
          hangedman_abyss_overflow_altar, evilmike_abyss_exit_5, minivault_19,
          abyss_exit_lava, bh_abyss_exit_grid, evilmike_abyss_exit_7,
          evilmike_abyss_exit_9, hangedman_classic_abyss_death
Abyss:2:  evilmike_abyss_exit_vortex, evilmike_abyss_exit_plants,
          hangedman_steaming_rock, evilmike_abyss_exit_kraken, minivault_27,
          guppyfry_abyss_exit_spiral_guarded, evilmike_abyss_exit_kraken,
          bh_abyss_exit_spiral, hangedman_abyss_theft, bh_abyss_exit_choice,
          minivault_11, hangedman_abyss_feature_spike, evilmike_abyss_exit_9,
          evilmike_abyss_exit_17, evilmike_abyss_exit_1,
          hangedman_abyss_or_decor_jellyfish_corner, lemuel_flamethrower_3,
          evilmike_abyss_exit_kraken, small_statue_intersection,
          evilmike_abyss_exit_3, grunt_abyss_exit_deep_breaths,
          evilmike_abyss_exit_8, hangedman_decor_peaks_small
Abyss:3:  hangedman_abyss_or_decor_stagger, bh_abyss_xom_lugonu_altar,
          abyss_exit_lava, serial_sigils_hangedman_shear,
          grunt_abyss_exit_deep_breaths, evilmike_abyss_exit_7,
          evilmike_abyss_exit_glass, evilmike_abyss_exit_7,
          evilmike_abyss_exit_chaos, minivault_27, evilmike_abyss_exit_11,
          evilmike_abyss_exit_4, abyss_exit_lava
Abyss:4:  evilmike_abyss_rune_tso_outpost, evilmike_abyss_exit_8,
          bh_abyss_exit_spiral, evilmike_abyss_exit_15, minivault_24
Abyss:5:  minivault_28, guppyfry_abyss_exit_glass_guarded, patterned_corridor
Pan:      grunt_pan_in_and_out, evilmike_mnoleg_eyes, nicolae_pan_door_chamber,
          grunt_pan_pentagram, pan_blood_fountain_small, uniq_mnoleg,
          regret_index_pan_draining_boxed, rand_demon_6, uniq_mnoleg,
          nicolae_pan_gloorx_vloqian_2, nicolae_pan_double_arrow, uniq_mnoleg,
          evilmike_mini_pan_layers, grunt_pan_frozen_over, pan_blood_fountain_2,
          evilmike_mini_pan_layers, lom_lobon, cerebov_grunt_fire_and_steel,
          uniq_mnoleg
Trove:    trove_garden
Ossuary:  ossuary_minmay_scorpions
IceCv:    ice_cave_small_necro

Skill      XL: |  1  2  3  4  5  6  7  8  9 10 11 12 13 14 15 16 17 18 19 20 21 22 23 24 25 26 27 |
---------------+----------------------------------------------------------------------------------+-----
Short Blades   | 3 4 5 6 7 9 |  9.5
Dodging        | 3 5 6 7 8 10 11 13 14 | 14.4
Fighting       | 4 6 9 13 15 16 19 | 19.2
Polearms       | 6 9 10 12 14 15 16 | 16.6
Spellcasting   | 3 5 8 15 | 15.0
Fire Magic     | 2 3 |  3.7
Conjurations   | 2 4 10 11 | 11.2
Armour         | 3 6 9 |  9.8
Stealth        | 4 8 |  8.0
Evocations     | 4 5 8 |  8.2
Translocations | 2 4 6 7 9 |  9.8
Throwing       | 3 |  3.0
Charms         | 3 |  3.1
Necromancy     | 5 6 8 12 | 12.2
Ice Magic      | 3 |  3.5
Shields        | 5 |  5.7
Summonings     | 1 11 13 14 17 21 | 21.0
Transmutations | 4 |  4.0
Air Magic      | 8 |  8.4
Hexes          | 5 |  5.4
Earth Magic    | 5 |  5.3

Action                   |  1- 3 |  4- 6 |  7- 9 | 10-12 | 13-15 | 16-18 | 19-21 | 22-24 | 25-27 || total
-------------------------+-------+-------+-------+-------+-------+-------+-------+-------+-------++-------
Melee: Short sword       |    85 |    55 |    83 |       |       |       |       |       |       ||   223
       Dagger            |    11 |   242 |   337 |       |       |       |       |       |       ||   590
       Spear             |       |       |   183 |   750 |  2009 |  1561 |  2041 |       |       ||  6544
       Halberd           |       |       |     6 |     3 |       |       |       |       |       ||     9
       Bardiche          |       |       |       |       |       |       |   197 |       |       ||   197
       Knife             |       |       |       |       |       |       |    12 |       |       ||    12
       Demon trident     |       |       |       |       |       |       |   576 |  2745 |  3383 ||  6704
Throw: Tomahawk          |     3 |     1 |     1 |       |     8 |       |       |       |       ||    13
       Javelin           |       |       |       |       |       |       |     8 |     6 |       ||    14
       Throwing net      |       |       |       |       |       |       |     3 |       |       ||     3
 Cast: Conjure Flame     |       |       |       |     1 |    21 |     5 |    19 |     2 |     5 ||    53
       Blink             |       |       |       |       |    19 |    24 |    56 |    58 |    95 ||   252
       Shroud of Golubri |       |       |       |       |    22 |    55 |   103 |    82 |    70 ||   332
       Ozocubu's Armour  |       |       |       |       |    12 |    42 |    79 |    69 |    65 ||   267
       Animate Dead      |       |       |       |       |     3 |    20 |    19 |       |       ||    42
       Animate Skeleton  |       |       |       |       |     1 |       |       |       |       ||     1
       Passage of Golubr |       |       |       |       |       |     1 |    45 |    48 |    55 ||   149
       Death Channel     |       |       |       |       |       |       |    53 |    56 |    31 ||   140
       Control Undead    |       |       |       |       |       |       |    21 |     3 |     9 ||    33
       Summon Demon      |       |       |       |       |       |       |    35 |    20 |    56 ||   111
       Irradiate         |       |       |       |       |       |       |       |     3 |    54 ||    57
       Shadow Creatures  |       |       |       |       |       |       |       |     7 |    65 ||    72
       Apportation       |       |       |       |       |       |       |       |     1 |    33 ||    34
       Summon Butterflie |       |       |       |       |       |       |       |       |     3 ||     3
       Swiftness         |       |       |       |       |       |       |       |       |     1 ||     1
       Malign Gateway    |       |       |       |       |       |       |       |       |    15 ||    15
       Spellforged Servi |       |       |       |       |       |       |       |       |    12 ||    12
       Silence           |       |       |       |       |       |       |       |       |     1 ||     1
Evoke: Wand              |     2 |       |       |     4 |    27 |       |     5 |    10 |    21 ||    69
       Sack of spiders   |       |       |       |     1 |     2 |       |       |       |     3 ||     6
       Lamp of fire      |       |       |       |       |     1 |     3 |     3 |     4 |     6 ||    17
       Lightning rod     |       |       |       |       |       |       |     5 |     9 |       ||    14
       Phantom mirror    |       |       |       |       |       |       |     1 |       |       ||     1
       Box of beasts     |       |       |       |       |       |       |       |       |    11 ||    11
       Staff of energy   |       |       |       |       |       |       |       |       |    10 ||    10
       Fan of gales      |       |       |       |       |       |       |       |       |     1 ||     1
  Use: Scroll            |     3 |     6 |    13 |     8 |    13 |    11 |    31 |    18 |    71 ||   174
 Stab: Invisible         |       |     3 |       |       |    10 |    11 |     3 |       |    20 ||    47
       Distracted        |       |       |     1 |     1 |     9 |    12 |    39 |    43 |    50 ||   155
       Confused          |       |       |     1 |       |    15 |    11 |     5 |     3 |    10 ||    45
       Sleeping          |       |       |     6 |     8 |    21 |     7 |    12 |    15 |    10 ||    79
       Petrified         |       |       |       |     3 |     8 |       |       |       |       ||    11
       Petrifying        |       |       |       |     1 |       |       |       |       |     1 ||     2
       Paralysed         |       |       |       |       |     1 |     1 |       |     2 |       ||     4
       Held in net/web   |       |       |       |       |       |       |     7 |       |       ||     7
       Betrayed ally     |       |       |       |       |       |       |    12 |       |     2 ||    14
Armor: Leather armour    |    43 |    87 |   113 |    22 |       |       |       |       |       ||   265
       Troll leather arm |       |       |       |    95 |   234 |   402 |   303 |   318 |   498 ||  1850
Dodge: Dodged            |    49 |   128 |   237 |   238 |   677 |  1214 |   910 |  1217 |  2262 ||  6932
Block: Buckler           |       |       |       |       |       |    99 |   409 |   542 |   824 ||  1874

Table legend:
 A = Spawn XP
 B = Non-spawn XP
 C = Spawn XP percentage of total XP
 D = Spawn monster count
 E = Non-spawn monster count
 F = Spawn count percentage of total count
 G = Total turns spent on level
                    A         B        C        D         E        F      G
               +---------+---------+-------+---------+---------+-------+---------
         Total |  145654 | 1664732 |   8.0 |     243 |    3109 |   7.2 | 93686
               +---------+---------+-------+---------+---------+-------+---------
           D:1 |       0 |      27 |   0.0 |       0 |      13 |   0.0 |   473
           D:2 |       0 |      57 |   0.0 |       0 |      12 |   0.0 |   849
           D:3 |       0 |      71 |   0.0 |       0 |      26 |   0.0 |   883
           D:4 |       0 |     368 |   0.0 |       0 |      46 |   0.0 |  1194
           D:5 |       0 |     552 |   0.0 |       0 |      16 |   0.0 |  1038
           D:6 |       0 |    1049 |   0.0 |       0 |      14 |   0.0 |  1298
           D:7 |       0 |    1129 |   0.0 |       0 |      30 |   0.0 |  1565
           D:8 |       0 |    1497 |   0.0 |       0 |      37 |   0.0 |  1233
           D:9 |       0 |    1692 |   0.0 |       0 |      39 |   0.0 |  1011
          D:10 |       0 |    7030 |   0.0 |       0 |      49 |   0.0 |  1187
          D:11 |       0 |    4971 |   0.0 |       0 |      44 |   0.0 |  1221
          D:12 |       0 |    7354 |   0.0 |       0 |      33 |   0.0 |  1971
          D:13 |       0 |    3151 |   0.0 |       0 |      19 |   0.0 |  1530
          D:14 |       0 |   17380 |   0.0 |       0 |      63 |   0.0 |  1933
          D:15 |       0 |   17806 |   0.0 |       0 |      45 |   0.0 |  1556
        Lair:1 |       0 |    3989 |   0.0 |       0 |      11 |   0.0 |  1097
        Lair:2 |       0 |   18403 |   0.0 |       0 |      53 |   0.0 |  2241
        Lair:3 |       0 |    2507 |   0.0 |       0 |       9 |   0.0 |   560
        Lair:4 |       0 |    4644 |   0.0 |       0 |      19 |   0.0 |   907
        Lair:5 |       0 |    7211 |   0.0 |       0 |      26 |   0.0 |  1110
        Lair:6 |       0 |   19161 |   0.0 |       0 |      70 |   0.0 |  1297
       Swamp:1 |       0 |   11237 |   0.0 |       0 |      30 |   0.0 |   823
       Swamp:2 |       0 |   10142 |   0.0 |       0 |      34 |   0.0 |   817
       Swamp:3 |       0 |   15725 |   0.0 |       0 |      45 |   0.0 |  1362
       Swamp:4 |       0 |   34334 |   0.0 |       0 |      64 |   0.0 |  1162
      Spider:1 |       0 |   21852 |   0.0 |       0 |      66 |   0.0 |  1632
      Spider:2 |       0 |   18013 |   0.0 |       0 |      31 |   0.0 |   856
      Spider:3 |       0 |   14992 |   0.0 |       0 |      28 |   0.0 |   864
      Spider:4 |       0 |   41616 |   0.0 |       0 |     104 |   0.0 |  1976
       Slime:1 |       0 |   32252 |   0.0 |       0 |      28 |   0.0 |   456
       Slime:2 |       0 |    2736 |   0.0 |       0 |       2 |   0.0 |   108
       Slime:4 |       0 |    6924 |   0.0 |       0 |      16 |   0.0 |   362
       Slime:5 |       0 |   42627 |   0.0 |       0 |      28 |   0.0 |   584
         Orc:1 |       0 |    1498 |   0.0 |       0 |      15 |   0.0 |   562
         Orc:2 |       0 |   10227 |   0.0 |       0 |      50 |   0.0 |  1997
         Elf:1 |       0 |   33640 |   0.0 |       0 |      57 |   0.0 |  1741
         Elf:2 |       0 |   48864 |   0.0 |       0 |      64 |   0.0 |  1761
         Elf:3 |       0 |   62727 |   0.0 |       0 |      63 |   0.0 |  1787
      Vaults:1 |       0 |   49795 |   0.0 |       0 |      85 |   0.0 |  2558
      Vaults:2 |       0 |   54322 |   0.0 |       0 |     105 |   0.0 |  2388
      Vaults:3 |       0 |   36615 |   0.0 |       0 |      67 |   0.0 |  1775
      Vaults:4 |       0 |   35305 |   0.0 |       0 |      49 |   0.0 |   573
       Crypt:1 |       0 |   21421 |   0.0 |       0 |      45 |   0.0 |  1190
       Crypt:2 |       0 |   16933 |   0.0 |       0 |      23 |   0.0 |  1255
       Crypt:3 |       0 |   83767 |   0.0 |       0 |     113 |   0.0 |  2607
        Tomb:1 |       0 |    9273 |   0.0 |       0 |      21 |   0.0 |   364
      Depths:1 |       0 |   31870 |   0.0 |       0 |      63 |   0.0 |  3727
      Depths:2 |       0 |   49787 |   0.0 |       0 |      79 |   0.0 |  3019
      Depths:3 |       0 |   67160 |   0.0 |       0 |      84 |   0.0 |  2777
      Depths:4 |    1415 |   43335 |   3.2 |       2 |      52 |   3.7 |  2330
      Depths:5 |       0 |  105466 |   0.0 |       0 |     114 |   0.0 |  2864
         Zot:1 |       0 |   62359 |   0.0 |       0 |      46 |   0.0 |  1527
         Zot:2 |       0 |   20792 |   0.0 |       0 |      12 |   0.0 |  1112
         Zot:3 |       0 |   40845 |   0.0 |       0 |      20 |   0.0 |  1215
         Zot:4 |       0 |   51572 |   0.0 |       0 |      46 |   0.0 |   966
         Zot:5 |       0 |   20507 |   0.0 |       0 |      19 |   0.0 |   208
       Abyss:1 |   82736 |  101744 |  44.8 |     133 |     236 |  36.0 |  6721
       Abyss:2 |   15047 |   20451 |  42.4 |      23 |      39 |  37.1 |  1229
       Abyss:3 |   12423 |   39168 |  24.1 |      25 |      75 |  25.0 |  1408
       Abyss:4 |   11709 |    6986 |  62.6 |      20 |      15 |  57.1 |   653
       Abyss:5 |     231 |       0 | 100.0 |       1 |       0 | 100.0 |    13
           Pan |   22093 |  109459 |  16.8 |      39 |     151 |  20.5 |  3301
         Zig:1 |       0 |    1201 |   0.0 |       0 |       1 |   0.0 |    22
         Zig:2 |       0 |    3087 |   0.0 |       0 |       3 |   0.0 |    86
         Zig:3 |       0 |    2627 |   0.0 |       0 |       7 |   0.0 |    51
         Zig:4 |       0 |    3395 |   0.0 |       0 |       5 |   0.0 |    83
         Zig:5 |       0 |   13461 |   0.0 |       0 |       4 |   0.0 |    91
         Zig:6 |       0 |    1404 |   0.0 |       0 |       2 |   0.0 |    28
         Zig:7 |       0 |    7688 |   0.0 |       0 |      10 |   0.0 |   355
         Zig:8 |       0 |      16 |   0.0 |       0 |       1 |   0.0 |    23
         Zig:9 |       0 |     707 |   0.0 |       0 |       1 |   0.0 |    99
       Ossuary |       0 |    1021 |   0.0 |       0 |      33 |   0.0 |   971
         IceCv |       0 |    6365 |   0.0 |       0 |      54 |   0.0 |   805
    Desolation |       0 |   15373 |   0.0 |       0 |      30 |   0.0 |   148
               +---------+---------+-------+---------+---------+-------+---------
